Workbook
Name _2000_stmcap: #REF!
Name _2000_stmcap: #REF!
Name _2000_stmcap: #REF!
Name _2000_stmcap: #REF!
Name a: #REF!
Name a: #REF!
Name a: #REF!
Name a: #REF!
Name a: #REF!
Name a: #REF!
Name a: #REF!
Name a: #REF!
Name abc: #REF!
Name abc: #REF!
Name abc: #REF!
Name abc: #REF!
Name acd: #REF!
Name acd: #REF!
Name acd: #REF!
Name acd: #REF!
Name Agreement_Year: '[1]Rcvd 2012-2014 AA'!$B$2:$B$2194
Name Agreement_Year_NoDrain: '[1]2012-2014 AA NO DRAINAGE'!$B$2:$B$1727
Name alloc_num: '[2]Regional Allocation (2015)'!$A$173:$A$183
Name Allocation_of_Plant_in_Service: "Plantinservice"
Name allocation1: '[2]Regional Allocation (2015)'!$D$173:$F$183
Name allocation2: '[2]Regional Allocation (2015)'!$I$173:$J$183
Name allocationbasis1: '[2]Regional Allocation (2015)'!$B$173:$B$183
Name allocationbasis2: '[2]Regional Allocation (2015)'!$H$173:$H$183
Name Amount: '[1]Rcvd 2012-2014 AA'!$D$2:$D$2194
Name Amount_NoDrain: '[1]2012-2014 AA NO DRAINAGE'!$D$2:$D$1727
Name annualpmts: '[3]Ver 1 - Loan beg 2009'!#REF!
Name annualpmts: '[3]Ver 1 - Loan beg 2009'!#REF!
Name annualpmts: '[3]Ver 1 - Loan beg 2009'!#REF!
Name annualpmts: '[3]Ver 1 - Loan beg 2009'!#REF!
Name annualpmts: '[3]Ver 1 - Loan beg 2009'!#REF!
Name annualpmts: '[3]Ver 1 - Loan beg 2009'!#REF!
Name annualpmts: '[3]Ver 1 - Loan beg 2009'!#REF!
Name annualpmts: '[3]Ver 1 - Loan beg 2009'!#REF!
Name APmt: '[3]Ver 1 - Loan beg 2009'!#REF!
Name APmt: '[3]Ver 1 - Loan beg 2009'!#REF!
Name APmt: '[3]Ver 1 - Loan beg 2009'!#REF!
Name APmt: '[3]Ver 1 - Loan beg 2009'!#REF!
Name APmt: '[3]Ver 1 - Loan beg 2009'!#REF!
Name APmt: '[3]Ver 1 - Loan beg 2009'!#REF!
Name APmt: '[3]Ver 1 - Loan beg 2009'!#REF!
Name APmt: '[3]Ver 1 - Loan beg 2009'!#REF!
Name ASD: [4]P840!#REF!
Name ASD: [4]P840!#REF!
Name ASD: [4]P840!#REF!
Name ASD: [4]P840!#REF!
Name assumptions: [2]Assumptions!$E$8:$I$25
Name b: #REF!
Name b: #REF!
Name b: #REF!
Name b: #REF!
Name b: #REF!
Name b: #REF!
Name b: #REF!
Name b: #REF!
Name BASEYEAR: #REF!

Sheet Read me
A1: HOW TO USE THIS DOCUMENT
A2: Welcome to the financial model used to determine the Off-site Levy (OSL) rates for water treatment and wastewater treatment as a part of the 2024 Off-site Levies Bylaw review. This financial model uses the latest information and assumptions available. These spreadsheets are intended to demonstrate the methodology on how the OSL rates are determined. The parameters and assumptions will be updated as new information becomes available. The water treatment and wastewater treatment rates are calculated independently using very similar methodology. Both use Equivalent Population (EP) as a unit to determine the cost to service an EP. The OSL rate considers servicing the population within city boundaries only. The City of Calgary provides water treatment and wastewater treatment services to regional customers. The portion of capital costs required to service regional customers are separated from the OSL and recovered through Master Service Agreements (MSAs) with regional customers. The assumptions for regional customer servicing for each project is provided in various tabs of this file. Cell comments have been added throughout this file to aid users in understand how inputs are determined and why specific values are used.
A4: Water Treatment Plant (WTP) Levy Tabs 1 - 5
A5: Tab number | B5: Title | C5: Description
A6: Tab 1 | B6: WTP Summary | C6: This tab provides a high level summary of the steps that are taken to determine the citywide water treatment plant levy rate calculation.
A7: Tab 2 | B7: WTP Future + Current | C7: This tab provides details on how the net present value was calculated for the current capacity and future capacity of water treatment plants. Column D are the net present value which is used at Step 1 of the calculation (see summary tab). Tables 1 and 2 provide a breakdown of the forecasted capital costs and anticipated borrowing rates. Tables 3 and 4 calculate the debt servicing costs and net present value.
A8: Tab 3 | B8: WTP Historic | C8: This tab provides a summary of the capital costs and future value of the debt servicing taken out on expenditures between 2000 - 2023. The historic projects can be found in the OSL Annual Report.
A9: Tab 4 | B9: WTP Capital | C9: This tab provide details on the individual water treatment projects and its cash flow actuals (2016-2022) and projections (2023+). The project list goes back to 2016 so the project list for the 2016 OSL Bylaw update can be referenced.
A10: Tab 5 | B10: WTP Capacity | C10: This tab provides details on the population and water treatment capacity by year. It also shows the regional Master Service Agreements, which indicate the maximum contract volumes of potable water The City has with regional customers. It also shows assumptions used in water treatment planning criteria, and benefit allocation of pre-2015 projects using a previous methodology.
A13: Wastewater Treatment Plant (WWTP) Levy Tabs 6 - 11
A14: Tab number | B14: Title | C14: Description
A15: Tab 6 | B15: WWTP Summary | C15: This tab provides a high level summary of the steps that are taken to determine the citywide wastewater treatment plant levy rate calculation.
A16: Tab 7 | B16: WWTP Future + Current | C16: This tab provides details on how the net present value was calculated for the current capacity and future capacity of wastewater treatment plants. Column D are the net present value which is used at Step 1 of the calculation (see summary tab).Tables 1 and 2 provide a breakdown of the forecasted capital costs and anticipated borrowing rates. Tables 3 and 4 calculate the debt servicing costs and net present value.
A17: Tab 8 | B17: WWTP Historic | C17: This tab provides a summary of the capital costs and future value of the debt servicing taken out on expenditures between 2000 - 2023. The historic projects can be found in the OSL Annual Report.
A18: Tab 9 | B18: WWTP Capital | C18: This tab provide details on the individual wastewater treatment projects and its cash flow actuals (2016-2022) and projections (2023+). The project list goes back to 2016 so the project list for the 2016 OSL Bylaw update can be referenced.
A19: Tab 10 | B19: WWTP Capacity | C19: This tab provides details on the population and wastewater treatment capacity by year, and the expected capacities of each expansion/upgrade project.
A20: Tab 11 | B20: WWTP Pine Creek Costs | C20: Pine Creek WWTP was completed in 2008. From the beginning, Pine Creek WWTP was designed with expansion in mind. The plant's footprint in its current form is referred to as Stage 1. The expansion that will begin in the 2023-2026 business cycle is referred to as Stage 2A. Some process equipment was designed for expansion capability, where it was economical and logical to do so. This tab shows the allocation of costs across all stages for major process equipment. This information was provided by the engineering design and delivery team. All costs are in 2008 dollars. As shown in Tab 7, the original costs allotted to Stage 2A as a percentage of overall program cost (which was not included in previous OSL calculations) will be added in as a part of the Stage 2A expansion. Allotted costs for Stages 2B and beyond will be added back into OSL calculations when those expansions are triggered in the future.

Sheet Tab 1 - WTP Summary
A1: WATER TREATMENT
A2: 2024 Levy Rate
A3: This tab provides a high level summary of the steps that are taken to determine the citywide water treatment plant levy rate calculation.
B5: Step 1 | C5: Step 2 | D5: Step 3 | E5: Step 4 | F5: Step 5 | G5: Step 6 | H5: Step 7
B6: Present value of the growth related costs for Calgary. Details for this step can be found in Tab 2, Tab 3 and Tab 4. | C6: The total current and forecasted capacity built to service growth in Calgary. Details for this step can be found in Tab 5. | D6: Determine the value of a unit of added capacity. Step 1 divided by Step 2. | E6: Total available current capacity plus forecasted capacity to be built. The purpose of this is to only charge for the capacity that is actually available to growth. Details for this step can be found in Tab 5. | F6: Determine the total value of available capacity. Step 3 multiplied by Step 4 | G6: Determine the average value of a unit of available capacity. Step 5 divided by Step 4 | H6: Determine the total greenfield offsite levy present value by hectare. Step 6 multiplied by a assumed density of 60 EP/Ha. The 60EP/Ha is the minimum planned density required for greenfield development. Please note Established Areas is charged on an EP basis, and not by hectares.
B7: Present Value Calgary Growth (*) Costs (A) | C7: Added Capacity for Calgary Based on Forecasted Growth (B) | D7: Value per Unit of Added Growth Capacity (C) = (A) / (B) | E7: Total Available Growth Capacity (D) | F7: Value of Available Capacity (E) = (C) * (D) | G7: Average Unit Value of Current & Future Available Capacity (F) = (E) / (D) | H7: Capacity Charge by Hectare (G) = (F) * 60 EP/Ha
A8: Current Capacity (2004-2023) | B8: ='Tab 2 - WTP Future + Current'!D59*1000 -> 1.2866344e+08 | C8: ='Tab 5 - WTP Capacity '!D51 -> 285433.28 | D8: =B8/C8 -> 450.76539 | E8: ='Tab 5 - WTP Capacity '!E51 -> 179663.51 | F8: =D8*E8 -> 80986090
A10: Future Capacity (2024 - 2038) | B10: =('Tab 2 - WTP Future + Current'!D33+'Tab 2 - WTP Future + Current'!D54)*1000 -> 4.1237913e+08 | C10: ='Tab 5 - WTP Capacity '!D52 -> 672393.16 | D10: =B10/C10 -> 613.3006 | E10: ='Tab 5 - WTP Capacity '!E52 -> 672393.16 | F10: =D10*E10 -> 4.1237913e+08
A12: Total | B12: =B8+B10 -> 5.4104257e+08 | C12: =C8+C10 -> 957826.44 | E12: =E8+E10 -> 852056.67 | F12: =F8+F10 -> 4.9336522e+08 | G12: =ROUNDDOWN(F12/E12,0) -> 579 | H12: =G12*60 -> 34740

Sheet Tab 2 - WTP Future + Current
B1: CURRENT & FUTURE COSTS OF GROWTH CAPACITY UPGRADES REQUIRED IN WATER TREATMENT PLANTS
B3: This tab provides details on how the net present value was calculated for the current capacity and future capacity of water treatment plants. Column D are the net present value which is used at Step 1 of the calculation (see summary tab).Tables 1 and 2 provide a breakdown of the forecasted capital costs and anticipated borrowing rates. Tables 3 and 4 calculate the debt servicing costs and net present value.
B5: TABLE 1: FORECASTED DEBT FINANCING COSTS / FUTURE CAPACITY FOR WATER TREATMENT PLANTS (In thousands)
C6: Capital Costs | F6: 2023 & Prior | G6: 2024 | H6: =+G6+1 -> 2025 | I6: =+H6+1 -> 2026 | J6: =+I6+1 -> 2027 | K6: =+J6+1 -> 2028 | L6: =+K6+1 -> 2029 | M6: =+L6+1 -> 2030 | N6: =+M6+1 -> 2031 | O6: =+N6+1 -> 2032 | ... AF6: =+AE6+1 -> 2049
B8: Growth Related Capital Costs Future Expansions | C8: =SUM(D8:AD8) -> 478905.7 | G8: =+G9+G10 -> 6340.7577 | H8: =+H9+H10 -> 13777.105 | I8: =+I9+I10 -> 14000.638 | J8: =+J9+J10 -> 9266.4 | K8: =+K9+K10 -> 9266.4 | L8: =+L9+L10 -> 9266.4 | M8: =+M9+M10 -> 83397.6 | N8: =+N9+N10 -> 83397.6 | ... S8: =+S9+S10 -> 0 | T8: 0 | U8: =+U9+U10 -> 0 | V8: =+V9+V10 -> 0 | W8: =+W9+W10 -> 0 | X8: =+X9+X10 -> 0 | Y8: =+Y9+Y10 -> 0 | Z8: =+Z9+Z10 -> 0 | AA8: =+AA9+AA10 -> 0 | AB8: =+AB9+AB10 -> 0 | ... AF8: =+AF9+AF10 -> 0
B9: Glenmore | C9: =SUM(D9:AD9) -> 0 | G9: 0 | H9: 0 | I9: 0 | J9: 0 | K9: 0 | L9: 0 | M9: 0 | N9: 0 | O9: 0 | P9: 0 | Q9: 0 | R9: 0 | S9: 0 | T9: 0 | U9: 0 | V9: 0 | W9: 0 | X9: 0 | Y9: 0 | Z9: 0 | AA9: 0 | AB9: 0 | AC9: 0 | AD9: 0 | AE9: 0 | AF9: 0
B10: Bearspaw | C10: =SUM(D10:AD10) -> 478905.7 | G10: =SUM('Tab 4 - WTP Capital '!AC16:AK16)-SUM('Tab 3 - WTP Historic '!U18:AB18) -> 6340.7577 | H10: ='Tab 4 - WTP Capital '!AL16 -> 13777.105 | I10: ='Tab 4 - WTP Capital '!AM16 -> 14000.638 | J10: ='Tab 4 - WTP Capital '!AN16 -> 9266.4 | K10: ='Tab 4 - WTP Capital '!AO16 -> 9266.4 | L10: ='Tab 4 - WTP Capital '!AP16 -> 9266.4 | M10: ='Tab 4 - WTP Capital '!AQ16 -> 83397.6 | N10: ='Tab 4 - WTP Capital '!AR16 -> 83397.6 | O10: ='Tab 4 - WTP Capital '!AS16 -> 83397.6 | ... Q10: ='Tab 4 - WTP Capital '!AU16 -> 83397.6 | R10: 0 | S10: 0 | T10: 0 | U10: 0 | V10: 0 | W10: 0 | X10: 0 | Y10: 0 | Z10: 0 | AA10: 0 | AB10: 0 | AC10: 0 | AD10: 0 | AE10: 0 | AF10: 0
B12: TABLE 2: ANTICIPATED FINANCIAL RATES | F12: =F6 -> 2023 & Prior | G12: =G6 -> 2024 | H12: =+G12+1 -> 2025 | I12: =+H12+1 -> 2026 | J12: =+I12+1 -> 2027 | K12: =+J12+1 -> 2028 | L12: =+K12+1 -> 2029 | M12: =+L12+1 -> 2030 | N12: =+M12+1 -> 2031 | O12: =+N12+1 -> 2032 | ... AF12: =+AE12+1 -> 2049
B13: Borrowing Term | G13: 10 | H13: 10 | I13: 10 | J13: 10 | K13: 10 | L13: 10 | M13: 10 | N13: 10 | O13: 10 | P13: 10 | Q13: 10 | R13: 10 | S13: 10 | T13: 10 | U13: 10
B14: Interest Rate | G14: ='Tab 7 - WWTP Future + Current'!G12 -> 0.049702143 | H14: ='Tab 7 - WWTP Future + Current'!H12 -> 0.049176143 | I14: ='Tab 7 - WWTP Future + Current'!I12 -> 0.049727143 | J14: ='Tab 7 - WWTP Future + Current'!J12 -> 0.050935143 | K14: ='Tab 7 - WWTP Future + Current'!K12 -> 0.052664143 | L14: ='Tab 7 - WWTP Future + Current'!L12 -> 0.053821143 | M14: ='Tab 7 - WWTP Future + Current'!M12 -> 0.054979143 | N14: ='Tab 7 - WWTP Future + Current'!N12 -> 0.055651143 | ... U14: ='Tab 7 - WWTP Future + Current'!U12 -> 0.055570143
B15: Interest Expense
B16: Debt Servicing
B17: Discount Rate | G17: 0.0358
B19: TABLE 3: GLENMORE FUTURE CAPACITY DETAILS (In thousands)
B20: Year | C20: Capital Costs | D20: NPV Debt Servicing | E20: FV Debt Servicing | F20: =F6 -> 2023 & Prior | G20: =G6 -> 2024 | H20: =+G20+1 -> 2025 | I20: =+H20+1 -> 2026 | J20: =+I20+1 -> 2027 | K20: =+J20+1 -> 2028 | L20: =+K20+1 -> 2029 | M20: =+L20+1 -> 2030 | N20: =+M20+1 -> 2031 | O20: =+N20+1 -> 2032 | ... AF20: =+AE20+1 -> 2049
B22: 2024 | C22: 0 | D22: 0 | E22: 0 | F22: 0 | G22: =AH22 -> 0 | H22: =AI22 -> 0 | I22: =AJ22 -> 0 | J22: =AK22 -> 0 | K22: =AL22 -> 0 | L22: =AM22 -> 0 | M22: =AN22 -> 0 | N22: =AO22 -> 0 | ... P22: =AQ22 -> 0 | Q22: =SUM(AR22:BF22) -> 0 | R22: 0 | S22: 0 | T22: 0 | U22: 0 | V22: 0 | W22: 0 | X22: 0 | Y22: 0 | Z22: 0 | AA22: 0 | AB22: 0 | AC22: 0 | AD22: 0 | AE22: 0 | AF22: 0
B23: 2025 | C23: =+G9 -> 0 | D23: =NPV($G$17,H23:Q23)+F23+G23 -> 0 | E23: =SUM(F23:AA23) -> 0 | F23: 0 | G23: =AH23 -> 0 | H23: =AI23 -> 0 | I23: =AJ23 -> 0 | J23: =AK23 -> 0 | K23: =AL23 -> 0 | L23: =AM23 -> 0 | M23: =AN23 -> 0 | N23: =AO23 -> 0 | ... P23: =AQ23 -> 0 | Q23: =SUM(AR23:BF23) -> 0 | R23: 0 | S23: 0 | T23: 0 | U23: 0 | V23: 0 | W23: 0 | X23: 0 | Y23: 0 | Z23: 0 | AA23: 0 | AB23: 0 | AC23: 0 | AD23: 0 | AE23: 0 | AF23: 0
B24: 2026 | C24: =+H9 -> 0 | D24: =NPV($G$17,H24:Q24)+F24+G24 -> 0 | E24: =SUM(F24:AA24) -> 0 | F24: 0 | G24: =AH24 -> 0 | H24: =AI24 -> 0 | I24: =AJ24 -> 0 | J24: =AK24 -> 0 | K24: =AL24 -> 0 | L24: =AM24 -> 0 | M24: =AN24 -> 0 | N24: =AO24 -> 0 | ... P24: =AQ24 -> 0 | Q24: =SUM(AR24:BF24) -> 0 | R24: 0 | S24: 0 | T24: 0 | U24: 0 | V24: 0 | W24: 0 | X24: 0 | Y24: 0 | Z24: 0 | AA24: 0 | AB24: 0 | AC24: 0 | AD24: 0 | AE24: 0 | AF24: 0
B25: 2027 | C25: =+I9 -> 0 | D25: =NPV($G$17,H25:Q25)+F25+G25 -> 0 | E25: =SUM(F25:AA25) -> 0 | F25: 0 | G25: =AH25 -> 0 | H25: =AI25 -> 0 | I25: =AJ25 -> 0 | J25: =AK25 -> 0 | K25: =AL25 -> 0 | L25: =AM25 -> 0 | M25: =AN25 -> 0 | N25: =AO25 -> 0 | ... P25: =AQ25 -> 0 | Q25: =SUM(AR25:BF25) -> 0 | R25: 0 | S25: 0 | T25: 0 | U25: 0 | V25: 0 | W25: 0 | X25: 0 | Y25: 0 | Z25: 0 | AA25: 0 | AB25: 0 | AC25: 0 | AD25: 0 | AE25: 0 | AF25: 0
B26: 2028 | C26: =+J9 -> 0 | D26: =NPV($G$17,H26:Q26)+F26+G26 -> 0 | E26: =SUM(F26:AA26) -> 0 | F26: 0 | G26: =AH26 -> 0 | H26: =AI26 -> 0 | I26: =AJ26 -> 0 | J26: =AK26 -> 0 | K26: =AL26 -> 0 | L26: =AM26 -> 0 | M26: =AN26 -> 0 | N26: =AO26 -> 0 | ... P26: =AQ26 -> 0 | Q26: =SUM(AR26:BF26) -> 0 | R26: 0 | S26: 0 | T26: 0 | U26: 0 | V26: 0 | W26: 0 | X26: 0 | Y26: 0 | Z26: 0 | AA26: 0 | AB26: 0 | AC26: 0 | AD26: 0 | AE26: 0 | AF26: 0
B27: 2029 | C27: =+K9 -> 0 | D27: =NPV($G$17,H27:Q27)+F27+G27 -> 0 | E27: =SUM(F27:AA27) -> 0 | F27: 0 | G27: =AH27 -> 0 | H27: =AI27 -> 0 | I27: =AJ27 -> 0 | J27: =AK27 -> 0 | K27: =AL27 -> 0 | L27: =AM27 -> 0 | M27: =AN27 -> 0 | N27: =AO27 -> 0 | ... P27: =AQ27 -> 0 | Q27: =SUM(AR27:BF27) -> 0 | R27: 0 | S27: 0 | T27: 0 | U27: 0 | V27: 0 | W27: 0 | X27: 0 | Y27: 0 | Z27: 0 | AA27: 0 | AB27: 0 | AC27: 0 | AD27: 0 | AE27: 0 | AF27: 0
B28: 2030 | C28: =+L9 -> 0 | D28: =NPV($G$17,H28:Q28)+F28+G28 -> 0 | E28: =SUM(F28:AA28) -> 0 | F28: 0 | G28: =AH28 -> 0 | H28: =AI28 -> 0 | I28: =AJ28 -> 0 | J28: =AK28 -> 0 | K28: =AL28 -> 0 | L28: =AM28 -> 0 | M28: =AN28 -> 0 | N28: =AO28 -> 0 | ... P28: =AQ28 -> 0 | Q28: =SUM(AR28:BF28) -> 0 | R28: 0 | S28: 0 | T28: 0 | U28: 0 | V28: 0 | W28: 0 | X28: 0 | Y28: 0 | Z28: 0 | AA28: 0 | AB28: 0 | AC28: 0 | AD28: 0 | AE28: 0 | AF28: 0
B29: 2031 | C29: =+M9 -> 0 | D29: =NPV($G$17,H29:Q29)+F29+G29 -> 0 | E29: =SUM(F29:AA29) -> 0 | F29: 0 | G29: =AH29 -> 0 | H29: =AI29 -> 0 | I29: =AJ29 -> 0 | J29: =AK29 -> 0 | K29: =AL29 -> 0 | L29: =AM29 -> 0 | M29: =AN29 -> 0 | N29: =AO29 -> 0 | ... P29: =AQ29 -> 0 | Q29: =SUM(AR29:BF29) -> 0 | R29: 0 | S29: 0 | T29: 0 | U29: 0 | V29: 0 | W29: 0 | X29: 0 | Y29: 0 | Z29: 0 | AA29: 0 | AB29: 0 | AC29: 0 | AD29: 0 | AE29: 0 | AF29: 0
B30: 2032 | C30: =+N9 -> 0 | D30: =NPV($G$17,H30:Q30)+F30+G30 -> 0 | E30: =SUM(F30:AA30) -> 0 | F30: 0 | G30: =AH30 -> 0 | H30: =AI30 -> 0 | I30: =AJ30 -> 0 | J30: =AK30 -> 0 | K30: =AL30 -> 0 | L30: =AM30 -> 0 | M30: =AN30 -> 0 | N30: =AO30 -> 0 | ... P30: =AQ30 -> 0 | Q30: =SUM(AR30:BF30) -> 0 | R30: 0 | S30: 0 | T30: 0 | U30: 0 | V30: 0 | W30: 0 | X30: 0 | Y30: 0 | Z30: 0 | AA30: 0 | AB30: 0 | AC30: 0 | AD30: 0 | AE30: 0 | AF30: 0
B31: Total Future | C31: =SUM(C22:C30) -> 0 | D31: =SUM(D22:D30) -> 0 | E31: =SUM(E22:E30) -> 0 | F31: =SUM(F22:F30) -> 0 | G31: =SUM(G22:G30) -> 0 | H31: =SUM(H22:H30) -> 0 | I31: =SUM(I22:I30) -> 0 | J31: =SUM(J22:J30) -> 0 | ... AF31: =SUM(AF22:AF30) -> 0
B33: Total | C33: =+C31 -> 0 | D33: =+D31 -> 0 | E33: =+E31 -> 0 | F33: =+F31 -> 0 | G33: =+G31 -> 0 | H33: =+H31 -> 0 | I33: =+I31 -> 0 | J33: =+J31 -> 0 | ... AF33: =+AF31 -> 0
B36: TABLE 4: BEARSPAW FUTURE CAPACITY DETAILS (in thousands)
B37: Year | C37: Capital Costs | D37: NPV Debt Servicing | E37: FV Debt Servicing | F37: =F6 -> 2023 & Prior | G37: =G6 -> 2024 | H37: =+G37+1 -> 2025 | I37: =+H37+1 -> 2026 | J37: =+I37+1 -> 2027 | K37: =+J37+1 -> 2028 | L37: =+K37+1 -> 2029 | M37: =+L37+1 -> 2030 | N37: =+M37+1 -> 2031 | O37: =+N37+1 -> 2032 | ... AF37: =+AE37+1 -> 2049
B39: 2024 | C39: =+G10 -> 6340.7577 | D39: =NPV($G$17,H39:AF39)+F39+G39 -> 6849.1861 | E39: =SUM(F39:AF39) -> 8123.3883 | F39: 0 | G39: =-PMT($G$14/2,$G$13*2,$G$10) -> 406.16941 | H39: =+G39*2 -> 812.33883 | I39: =+H39 -> 812.33883 | J39: =+I39 -> 812.33883 | K39: =+J39 -> 812.33883 | L39: =+K39 -> 812.33883 | M39: =+L39 -> 812.33883 | N39: =+M39 -> 812.33883 | O39: =+N39 -> 812.33883 | P39: =+O39 -> 812.33883 | Q39: =P39/2 -> 406.16941
B40: 2025 | C40: =+H10 -> 13777.105 | D40: =NPV($G$17,H40:AF40)+F40+G40 -> 14331.763 | E40: =SUM(F40:AF40) -> 17606.53 | F40: 0 | G40: 0 | H40: =-PMT($H$14/2,$H$13*2,$H$10) -> 880.32652 | I40: =+H40*2 -> 1760.653 | J40: =+I40 -> 1760.653 | K40: =+J40 -> 1760.653 | L40: =+K40 -> 1760.653 | M40: =+L40 -> 1760.653 | N40: =+M40 -> 1760.653 | O40: =+N40 -> 1760.653 | P40: =+O40 -> 1760.653 | Q40: =+P40 -> 1760.653 | R40: =+Q40/2 -> 880.32652
B41: 2026 | C41: =+I10 -> 14000.638 | D41: =NPV($G$17,H41:AF41)+F41+G41 -> 14097.598 | E41: =SUM(F41:AF41) -> 17938.875 | F41: 0 | G41: 0 | H41: 0 | I41: =-PMT($I$14/2,$I$13*2,$I$10) -> 896.94374 | J41: =+I41*2 -> 1793.8875 | K41: =+J41 -> 1793.8875 | L41: =+K41 -> 1793.8875 | M41: =+L41 -> 1793.8875 | N41: =+M41 -> 1793.8875 | O41: =+N41 -> 1793.8875 | P41: =+O41 -> 1793.8875 | Q41: =+P41 -> 1793.8875 | R41: =+Q41 -> 1793.8875 | S41: =+R41/2 -> 896.94374
B42: 2027 | C42: =+J10 -> 9266.4 | D42: =NPV($G$17,H42:AF42)+F42+G42 -> 9059.5899 | E42: =SUM(F42:AF42) -> 11940.83 | F42: 0 | G42: 0 | H42: 0 | I42: 0 | J42: =-PMT($J$14/2,$J$13*2,$J$10) -> 597.04149 | K42: =+J42*2 -> 1194.083 | L42: =+K42 -> 1194.083 | M42: =+L42 -> 1194.083 | N42: =+M42 -> 1194.083 | O42: =+N42 -> 1194.083 | P42: =+O42 -> 1194.083 | Q42: =+P42 -> 1194.083 | R42: =+Q42 -> 1194.083 | S42: =+R42 -> 1194.083 | T42: =+S42/2 -> 597.04149
B43: 2028 | C43: =+K10 -> 9266.4 | D43: =NPV($G$17,H43:AF43)+F43+G43 -> 8817.907 | E43: =SUM(F43:AF43) -> 12038.362 | F43: 0 | G43: 0 | H43: 0 | I43: 0 | J43: 0 | K43: =-PMT($K$14/2,$K$13*2,$K$10) -> 601.91808 | L43: =+K43*2 -> 1203.8362 | M43: =+L43 -> 1203.8362 | N43: =+M43 -> 1203.8362 | O43: =+N43 -> 1203.8362 | P43: =+O43 -> 1203.8362 | Q43: =+P43 -> 1203.8362 | R43: =+Q43 -> 1203.8362 | S43: =+R43 -> 1203.8362 | T43: =+S43 -> 1203.8362 | U43: =+T43/2 -> 601.91808
B44: 2029 | C44: =+L10 -> 9266.4 | D44: =NPV($G$17,H44:AF44)+F44+G44 -> 8559.4608 | E44: =SUM(F44:AF44) -> 12103.868 | F44: 0 | G44: 0 | H44: 0 | I44: 0 | J44: 0 | K44: 0 | L44: =-PMT($L$14/2,$L$13*2,$L$10) -> 605.19341 | M44: =+L44*2 -> 1210.3868 | N44: =+M44 -> 1210.3868 | O44: =+N44 -> 1210.3868 | P44: =+O44 -> 1210.3868 | Q44: =+P44 -> 1210.3868 | R44: =+Q44 -> 1210.3868 | S44: =+R44 -> 1210.3868 | T44: =+S44 -> 1210.3868 | U44: =+T44 -> 1210.3868 | V44: =+U44/2 -> 605.19341
B45: 2030 | C45: =+M10 -> 83397.6 | D45: =NPV($G$17,H45:AF45)+F45+G45 -> 74776.648 | E45: =SUM(F45:AF45) -> 109526.62 | F45: 0 | G45: 0 | H45: 0 | I45: 0 | J45: 0 | K45: 0 | L45: 0 | M45: =-PMT($M$14/2,$M$13*2,$M$10) -> 5476.331 | N45: =+M45*2 -> 10952.662 | O45: =+N45 -> 10952.662 | P45: =+O45 -> 10952.662 | Q45: =+P45 -> 10952.662 | R45: =+Q45 -> 10952.662 | S45: =+R45 -> 10952.662 | T45: =+S45 -> 10952.662 | U45: =+T45 -> 10952.662 | V45: =+U45 -> 10952.662 | W45: =+V45/2 -> 5476.331
B46: 2031 | C46: =+N10 -> 83397.6 | D46: =NPV($G$17,H46:AF46)+F46+G46 -> 72419.058 | E46: =SUM(F46:AF46) -> 109870.85 | F46: 0 | G46: 0 | H46: 0 | I46: 0 | J46: 0 | K46: 0 | L46: 0 | M46: 0 | N46: =-PMT($N$14/2,$N$13*2,$N$10) -> 5493.5423 | O46: =+N46*2 -> 10987.085 | P46: =+O46 -> 10987.085 | Q46: =+P46 -> 10987.085 | R46: =+Q46 -> 10987.085 | S46: =+R46 -> 10987.085 | T46: =+S46 -> 10987.085 | U46: =+T46 -> 10987.085 | V46: =+U46 -> 10987.085 | W46: =+V46 -> 10987.085 | X46: =+W46/2 -> 5493.5423
B47: 2032 | C47: =+O10 -> 83397.6 | D47: =NPV($G$17,H47:AF47)+F47+G47 -> 70110.321 | E47: =SUM(F47:AF47) -> 110176.12 | F47: 0 | G47: 0 | H47: 0 | I47: 0 | J47: 0 | K47: 0 | L47: 0 | M47: 0 | N47: 0 | O47: =-PMT($O$14/2,$O$13*2,$O$10) -> 5508.8058 | P47: =+O47*2 -> 11017.612 | Q47: =+P47 -> 11017.612 | R47: =+Q47 -> 11017.612 | S47: =+R47 -> 11017.612 | T47: =+S47 -> 11017.612 | U47: =+T47 -> 11017.612 | V47: =+U47 -> 11017.612 | W47: =+V47 -> 11017.612 | X47: =+W47 -> 11017.612 | Y47: =+X47/2 -> 5508.8058
B48: 2033 | C48: =+P10 -> 83397.6 | D48: =NPV($G$17,H48:AF48)+F48+G48 -> 67857.257 | E48: =SUM(F48:AF48) -> 110453.05 | F48: 0 | G48: 0 | H48: 0 | I48: 0 | J48: 0 | K48: 0 | L48: 0 | M48: 0 | N48: 0 | O48: 0 | P48: =-PMT($P$14/2,$P$13*2,$P$10) -> 5522.6524 | Q48: =+P48*2 -> 11045.305 | R48: =+Q48 -> 11045.305 | S48: =+R48 -> 11045.305 | T48: =+S48 -> 11045.305 | U48: =+T48 -> 11045.305 | V48: =+U48 -> 11045.305 | W48: =+V48 -> 11045.305 | X48: =+W48 -> 11045.305 | Y48: =+X48 -> 11045.305 | Z48: =+Y48/2 -> 5522.6524
B49: 2034 | C49: =+Q10 -> 83397.6 | D49: =NPV($G$17,H49:AF49)+F49+G49 -> 65500.342 | E49: =SUM(F49:AF49) -> 110433.51 | F49: 0 | G49: 0 | H49: 0 | I49: 0 | J49: 0 | K49: 0 | L49: 0 | M49: 0 | N49: 0 | O49: 0 | P49: 0 | Q49: =-PMT(Q14/2,Q13*2,Q10) -> 5521.6756 | R49: =+Q49*2 -> 11043.351 | S49: =+R49 -> 11043.351 | T49: =+S49 -> 11043.351 | U49: =+T49 -> 11043.351 | V49: =+U49 -> 11043.351 | W49: =+V49 -> 11043.351 | X49: =+W49 -> 11043.351 | Y49: =+X49 -> 11043.351 | Z49: =+Y49 -> 11043.351 | AA49: =Z49/2 -> 5521.6756
B50: 2035 | C50: =R10 -> 0 | D50: =NPV($G$17,H50:AF50)+F50+G50 -> 0 | E50: =SUM(F50:AF50) -> 0 | F50: 0 | G50: 0 | H50: 0 | I50: 0 | J50: 0 | K50: 0 | L50: 0 | M50: 0 | N50: 0 | O50: 0 | P50: 0 | Q50: 0 | R50: =-PMT(R14/2,R13*2,R10) -> 0 | S50: =+R50*2 -> 0 | T50: =+S50 -> 0 | U50: =+T50 -> 0 | V50: =+U50 -> 0 | W50: =+V50 -> 0 | X50: =+W50 -> 0 | Y50: =+X50 -> 0 | Z50: =+Y50 -> 0 | AA50: =+Z50 -> 0 | AB50: =AA50/2 -> 0
B51: 2036 | C51: =S10 -> 0 | D51: =NPV($G$17,H51:AF51)+F51+G51 -> 0 | E51: =SUM(F51:AF51) -> 0 | F51: 0 | G51: 0 | H51: 0 | I51: 0 | J51: 0 | K51: 0 | L51: 0 | M51: 0 | N51: 0 | O51: 0 | P51: 0 | Q51: 0 | R51: 0 | S51: =-PMT(S14/2,S13*2,S10) -> 0 | T51: =+S51*2 -> 0 | U51: =+T51 -> 0 | V51: =+U51 -> 0 | W51: =+V51 -> 0 | X51: =+W51 -> 0 | Y51: =+X51 -> 0 | Z51: =+Y51 -> 0 | AA51: =+Z51 -> 0 | AB51: =+AA51 -> 0 | AC51: =AB51/2 -> 0
B52: Total Future | C52: =SUM(C39:C51) -> 478905.7 | D52: =SUM(D39:D51) -> 412379.13 | E52: =SUM(E39:E51) -> 630211.99 | F52: =SUM(F39:F51) -> 0 | G52: =SUM(G39:G51) -> 406.16941 | H52: =SUM(H39:H51) -> 1692.6654 | I52: =SUM(I39:I51) -> 3469.9356 | J52: =SUM(J39:J51) -> 4963.9208 | ... AF52: =SUM(AF39:AF51) -> 0
B54: Total | C54: =+C52 -> 478905.7 | D54: =+D52 -> 412379.13 | E54: =+E52 -> 630211.99 | F54: =+F52 -> 0 | G54: =+G52 -> 406.16941 | H54: =+H52 -> 1692.6654 | I54: =+I52 -> 3469.9356 | J54: =+J52 -> 4963.9208 | ... AF54: =+AF52 -> 0
B57: TOTAL COSTS OF FUTURE CAPACITY | C57: =C33+C54 -> 478905.7 | D57: =D31+D52 -> 412379.13 | E57: =E31+E52 -> 630211.99 | F57: =F31+F52 -> 0 | G57: =G31+G52 -> 406.16941 | H57: =H31+H52 -> 1692.6654 | I57: =I31+I52 -> 3469.9356 | J57: =J31+J52 -> 4963.9208 | K57: =K31+K52 -> 6162.8804 | ... AF57: =AF31+AF52 -> 0
B59: TOTAL COSTS OF CURRENT CAPACITY (SEE TAB 3 FOR DETAILS) | C59: ='Tab 3 - WTP Historic '!C13+'Tab 3 - WTP Historic '!D21 -> 86177.658 | D59: =NPV($G$17,H59:AF59)+F59+G59 -> 128663.44 | E59: =SUM(F59:AF59) -> 138336.14 | F59: =SUM('Tab 3 - WTP Historic '!E13:Z13)+SUM('Tab 3 - WTP Historic '!E24:Z24) -> 79172.616 | G59: ='Tab 3 - WTP Historic '!AA13+'Tab 3 - WTP Historic '!AA24 -> 5235.9701 | H59: ='Tab 3 - WTP Historic '!AB13+'Tab 3 - WTP Historic '!AB24 -> 5235.9668 | I59: ='Tab 3 - WTP Historic '!AC13+'Tab 3 - WTP Historic '!AC24 -> 5235.9633 | J59: ='Tab 3 - WTP Historic '!AD13+'Tab 3 - WTP Historic '!AD24 -> 5235.9598 | K59: ='Tab 3 - WTP Historic '!AE13+'Tab 3 - WTP Historic '!AE24 -> 5235.9562 | L59: ='Tab 3 - WTP Historic '!AF13+'Tab 3 - WTP Historic '!AF24 -> 5217.2433 | M59: ='Tab 3 - WTP Historic '!AG13+'Tab 3 - WTP Historic '!AG24 -> 5198.5308 | N59: ='Tab 3 - WTP Historic '!AH13+'Tab 3 - WTP Historic '!AH24 -> 5167.5392 | ... AF59: ='Tab 3 - WTP Historic '!AZ13+'Tab 3 - WTP Historic '!AZ24 -> 0
B61: TOTAL | C61: =C57+C59 -> 565083.36 | D61: =D57+D59 -> 541042.57 | E61: =E57+E59 -> 768548.13 | F61: =F57+F59 -> 79172.616 | G61: =G57+G59 -> 5642.1396 | H61: =H57+H59 -> 6928.6321 | I61: =I57+I59 -> 8705.899 | J61: =J57+J59 -> 10199.881 | ... AF61: =AF57+AF59 -> 0

Sheet Tab 3 - WTP Historic 
A1: HISTORIC DEBT FOR WATER TREATMENT PLANTS' CURRENT CAPACITY UPGRADES
A2: This tab provides a summary of the capital costs and future value of the debt servicing taken out on expenditures between 2000 - 2023. The historic projects can be found in the OSL Annual Report.
A3: TABLE 1: HISTORIC DEBT SERVICING FOR 2000 - 2014 EXPENDITURES (in thousands)
B4: Capacity to Support Calgary Growth | C4: Capital Costs | D4: Future Debt Servicing | E4: 2000 | F4: 2001 | G4: 2002 | H4: 2003 | I4: 2004 | J4: 2005 | K4: 2006 | L4: 2007 | M4: 2008 | N4: 2009 | O4: 2010 | P4: 2011 | Q4: 2012 | R4: 2013 | S4: 2014 | T4: 2015 | U4: 2016 | V4: 2017 | W4: 2018 | X4: 2019 | Y4: 2020 | Z4: 2021 | AA4: 2022 | AB4: 2023 | AC4: 2024 | AD4: 2025 | AE4: 2026 | AF4: 2027 | AG4: 2028 | AH4: 2029 | AI4: 2030 | AJ4: 2031 | AK4: 2032 | AL4: 2033 | AM4: 2034 | AN4: 2035 | AO4: 2036 | AP4: 2037 | AQ4: 2038 | AR4: 2039 | AS4: 2040
A6: Glenmore & Bearspaw Debt Taken | C6: =SUM(E6:AS6) -> 88753.44 | G6: 138.48 | H6: 806.88 | I6: 4963.92 | J6: 12948.48 | K6: 18000 | L6: 10199.04 | M6: 11448 | N6: 19927.68 | O6: 8160 | P6: 2160.96 | Q6: 0 | R6: 0 | S6: 0 | T6: 0
A7: Glenmore & Bearspaw Debt Interest | H7: 0.055 | I7: 0.0495 | J7: 0.0465 | K7: 0.0478 | L7: 0.0489 | M7: 0.0468 | N7: 0.0475 | O7: 0.0392 | P7: 0.0341
A8: Glenmore & Bearspaw Debt Term (years) | H8: 15 | I8: 15 | J8: 25 | K8: 25 | L8: 25 | M8: 25 | N8: 25 | O8: 25 | P8: 25
A9: Glenmore & Bearspaw Debt Servicing (2000-2014 Debt) | C9: 88753.44 | D9: =SUM(E9:AS9) -> 144875.06 | E9: 0 | F9: 0 | G9: 0 | H9: 0 | I9: 71.73048 | J9: 414.60673 | K9: 1271.6871 | L9: 2445.4738 | M9: 3296.508 | N9: 4213.6619 | O9: 5367.8557 | P9: 5840.0998 | Q9: 5968.0162 | R9: 5968.0162 | S9: 5968.0162 | T9: 5968.0162 | U9: 5968.0162 | V9: 5968.0162 | W9: 5968.0162 | X9: 5896.2858 | Y9: 5553.4095 | Z9: 5553.4095 | AA9: 5553.4095 | AB9: 5553.4095 | AC9: 5553.4095 | AD9: 5553.4095 | AE9: 5553.4095 | AF9: 5553.4095 | AG9: 5553.4095 | AH9: 5553.4095 | AI9: 5553.4095 | AJ9: 4696.329 | AK9: 3522.5423 | AL9: 2671.5083 | AM9: 1575.0744 | AN9: 600.16074 | AO9: 127.9165 | AP9: 0 | AQ9: 0 | AR9: 0 | AS9: 0
A10: Glenmore & Bearspaw Cash Funding (2000-2014) | C10: 3333.6 | D10: =SUM(E10:AS10) -> 3333.6 | E10: 3333.6 | F10: 0 | G10: 0 | H10: 0 | I10: 0 | J10: 0 | K10: 0 | L10: 0 | M10: 0 | N10: 0 | O10: 0 | P10: 0 | Q10: 0 | R10: 0 | S10: 0 | T10: 0 | U10: 0 | V10: 0 | W10: 0 | X10: 0 | Y10: 0 | Z10: 0 | AA10: 0 | AB10: 0 | AC10: 0 | AD10: 0 | AE10: 0 | AF10: 0 | AG10: 0 | AH10: 0 | AI10: 0 | AJ10: 0 | AK10: 0 | AL10: 0 | AM10: 0 | AN10: 0 | AO10: 0 | AP10: 0 | AQ10: 0 | AR10: 0 | AS10: 0
A11: Total Glenmore & Bearspaw Funding (2000-2014) | C11: =SUM(C9:C10) -> 92087.04 | D11: =D9 -> 144875.06 | E11: =SUM(E9:E10) -> 3333.6 | F11: =SUM(F9:F10) -> 0 | G11: =SUM(G9:G10) -> 0 | H11: =SUM(H9:H10) -> 0 | I11: =SUM(I9:I10) -> 71.73048 | J11: =SUM(J9:J10) -> 414.60673 | K11: =SUM(K9:K10) -> 1271.6871 | L11: =SUM(L9:L10) -> 2445.4738 | ... AS11: =SUM(AS9:AS10) -> 0
A13: Glenmore & Bearspaw Historical Inside City (2000-2014 Debt) | B13: ='Tab 5 - WTP Capacity '!C51 -> 0.92765815 | C13: =C11*B13 -> 85425.294 | D13: =SUM(E13:AS13) -> 137486.97 | E13: =E11*$B$13 -> 3092.4412 | F13: =F11*$B$13 -> 0 | G13: =G11*$B$13 -> 0 | H13: =H11*$B$13 -> 0 | I13: =I11*$B$13 -> 66.541365 | J13: =J11*$B$13 -> 384.61332 | K13: =K11*$B$13 -> 1179.691 | L13: =L11*$B$13 -> 2268.5638 | ... AS13: =AS11*$B$13 -> 0
A16: TABLE 2: HISTORIC DEBT SERVICING FOR 2015 - 2023 EXPENDITURES (in thousands)
B17: Capacity to Support Calgary Growth | C17: Capital Costs | D17: Future Debt Servicing | E17: 2000 | F17: 2001 | G17: 2002 | H17: 2003 | I17: 2004 | J17: 2005 | K17: 2006 | L17: 2007 | M17: 2008 | N17: 2009 | O17: 2010 | P17: 2011 | Q17: 2012 | R17: 2013 | S17: 2014 | T17: 2015 | U17: 2016 | V17: 2017 | W17: 2018 | X17: 2019 | Y17: 2020 | Z17: 2021 | AA17: 2022 | AB17: 2023 | AC17: 2024 | AD17: 2025 | AE17: 2026 | AF17: 2027 | AG17: 2028 | AH17: 2029 | AI17: 2030 | AJ17: 2031 | AK17: 2032 | AL17: 2033 | AM17: 2034 | AN17: 2035 | AO17: 2036 | AP17: 2037 | AQ17: 2038 | AR17: 2039 | AS17: 2040
A18: Treatment Plant Debt Taken (2015+) | C18: =SUM(T18:AS18) -> 752.36446 | T18: 5.3644572 | U18: 0 | V18: 338 | W18: 240 | X18: 54 | Y18: 115 | Z18: 0 | AA18: 0 | AB18: 0 | AC18: 0 | AD18: 0 | AE18: 0 | AF18: 0 | AG18: 0 | AH18: 0 | AI18: 0 | AJ18: 0 | AK18: 0 | AL18: 0 | AM18: 0 | AN18: 0 | AO18: 0 | AP18: 0 | AQ18: 0 | AR18: 0 | AS18: 0
A19: Treatment Plant Debt Interest (2015+) | T19: 0.0304 | V19: 0.02 | W19: 0.0301 | X19: 0.0256 | Y19: 0.0173
A20: Treatment Plant Debt Term (2015+) | T20: 25 | V20: 10 | W20: 10 | X20: 10 | Y20: 10
A21: Treatment Plant Debt Taken Principal (2015+) | D21: =SUM(T21:AS21) -> 752.36446 | T21: 0 | U21: 0.1459401 | V21: 15.504519 | W21: 31.324235 | X21: 55.247561 | Y21: 64.293113 | Z21: 71.155095 | AA21: 72.810761 | AB21: 74.506827 | AC21: 76.244286 | AD21: 78.024194 | AE21: 79.847647 | AF21: 62.990139 | AG21: 45.616146 | AH21: 15.560434 | AI21: 6.4558178 | AJ21: 0.22943452 | AK21: 0.23646001 | AL21: 0.24370062 | AM21: 0.25116295 | AN21: 0.25885378 | AO21: 0.26678012 | AP21: 0.27494917 | AQ21: 0.28336835 | AR21: 0.29204535 | AS21: 0.30098802
A22: Treatment Plant Debt Taken Interest (2015+) | D22: =SUM(T22:AS22) -> 96.801261 | T22: 0.0071659707 | U22: 0.16173049 | V22: 3.8117457 | W22: 6.6849839 | X22: 13.893451 | Y22: 14.340612 | Z22: 13.152694 | AA22: 11.493751 | AB22: 9.7943081 | AC22: 8.0534214 | AD22: 6.2700055 | AE22: 4.4429452 | AF22: 2.5875651 | AG22: 1.2490197 | AH22: 0.31314345 | AI22: 0.1073304 | AJ22: 0.07812454 | AK22: 0.071089664 | AL22: 0.063839378 | AM22: 0.056367076 | AN22: 0.048665971 | AO22: 0.040729051 | AP22: 0.03254909 | AQ22: 0.024118664 | AR22: 0.015430073 | AS22: 0.0064754447
A24: Treatment Plant Debt Servicing (2015+) | D24: =SUM(T24:AS24) -> 849.16572 | T24: =SUM(T21:T22) -> 0.0071659707 | U24: =SUM(U21:U22) -> 0.30767059 | V24: =SUM(V21:V22) -> 19.316265 | W24: =SUM(W21:W22) -> 38.009218 | X24: =SUM(X21:X22) -> 69.141012 | Y24: =SUM(Y21:Y22) -> 78.633726 | Z24: =SUM(Z21:Z22) -> 84.307789 | AA24: =SUM(AA21:AA22) -> 84.304512 | ... AS24: =SUM(AS21:AS22) -> 0.30746347
A27: TOTAL HISTORIC DEBT SERVICING OF CURRENT CAPACITY | C27: =C13+D21 -> 86177.658 | D27: =D13+D24 -> 138336.14 | E27: =E13 -> 3092.4412 | F27: =F13 -> 0 | G27: =G13 -> 0 | H27: =H13 -> 0 | I27: =I13 -> 66.541365 | J27: =J13 -> 384.61332 | K27: =K13 -> 1179.691 | L27: =L13 -> 2268.5638 | ... S27: =S13 -> 5536.2789 | T27: =T13+T24 -> 5536.2861 | U27: =U13+U24 -> 5536.5866 | V27: =V13+V24 -> 5555.5952 | W27: =W13+W24 -> 5574.2881 | X27: =X13+X24 -> 5538.8786 | Y27: =Y13+Y24 -> 5230.2994 | Z27: =Z13+Z24 -> 5235.9734 | AA27: =AA13+AA24 -> 5235.9701 | ... AS27: =AS13+AS24 -> 0.30746347

Sheet Tab 4 - WTP Capital 
A1: CAPITAL COST DETAILS OF CURRENT & FUTURE PROJECTS
A2: This tab provide details on the individual water treatment projects and it's cash flow actuals (2016-2022) and projections (2023+). The project list goes back to 2016 so the project list for the 2016 OSL Bylaw update can be referenced.
A4: TABLE 1: GROWTH RELATED CAPITAL COSTS ( In thousand $)
A5: Project Name | B5: Plant | C5: Start or Estimated / Actual Completion Date | D5: Indicated Y/N if the project was identified in the 2016 Off-site Levy Bylaw | E5: Capital Costs | Y5: Growth Benefit | AC5: Greenfield & Redevelopment Proportion of Costs
E6: 2016 | F6: 2017 | G6: 2018 | H6: 2019 | I6: 2020 | J6: 2021 | K6: 2022 | L6: 2023 | M6: 2024 | N6: 2025 | O6: 2026 | P6: 2027 | Q6: 2028 | R6: 2029 | S6: 2030 | T6: 2031 | U6: 2032 | V6: 2033 | W6: 2034 | X6: TOTAL | Y6: Growth | Z6: % Greenfield | AA6: %Redevelopment | AB6: %Regional | AC6: 2016 | AD6: 2017 | AE6: 2018 | AF6: 2019 | AG6: 2020 | AH6: 2021 | AI6: 2022 | AJ6: 2023 | AK6: 2024 | AL6: 2025 | AM6: 2026 | AN6: 2027 | AO6: 2028 | AP6: 2029 | AQ6: 2030 | AR6: 2031 | AS6: 2032 | AT6: 2033 | AU6: 2034 | AV6: TOTAL
A8: Glenmore UV Disinfection | B8: Glenmore | C8: TBD | D8: Y | E8: 0 | F8: 0 | G8: 0 | H8: 0 | I8: 0 | J8: 0 | K8: 0 | L8: 0 | M8: 0 | N8: 0 | O8: 0 | P8: 0 | Q8: 0 | R8: 0 | S8: 0 | T8: 0 | U8: 0 | V8: 0 | W8: 0 | X8: =SUM(E8:W8) -> 0 | Y8: 1 | Z8: 0.566 | AA8: 0.235 | AB8: 0.2 | AC8: =+E8*($Z8+$AA8) -> 0 | AD8: =+F8*($Z8+$AA8) -> 0 | AE8: =+G8*($Z8+$AA8) -> 0 | AF8: =+H8*($Z8+$AA8) -> 0 | AG8: =+I8*($Z8+$AA8) -> 0 | AH8: =+J8*($Z8+$AA8) -> 0 | AI8: =+K8*($Z8+$AA8) -> 0 | AJ8: =+L8*($Z8+$AA8) -> 0 | ... AU8: =+W8*($Z8+$AA8) -> 0 | AV8: =SUM(AC8:AU8) -> 0
A9: GM WTP Capacity Expansion | B9: Glenmore | C9: TBD | D9: Y | E9: 0 | F9: 0 | G9: 0 | H9: 0 | I9: 0 | J9: 0 | K9: 0 | L9: 0 | M9: 0 | N9: 0 | O9: 0 | P9: 0 | Q9: 0 | R9: 0 | S9: 0 | T9: 0 | U9: 0 | V9: 0 | W9: 0 | X9: =SUM(E9:W9) -> 0 | Y9: 1 | Z9: 0.566 | AA9: 0.235 | AB9: 0.2 | AC9: =+E9*($Z9+$AA9) -> 0 | AD9: =+F9*($Z9+$AA9) -> 0 | AE9: =+G9*($Z9+$AA9) -> 0 | AF9: =+H9*($Z9+$AA9) -> 0 | AG9: =+I9*($Z9+$AA9) -> 0 | AH9: =+J9*($Z9+$AA9) -> 0 | AI9: =+K9*($Z9+$AA9) -> 0 | AJ9: =+L9*($Z9+$AA9) -> 0 | ... AU9: =+W9*($Z9+$AA9) -> 0 | AV9: =SUM(AC9:AU9) -> 0
A11: BPWTP Capacity Upgrades | B11: Bearspaw | C11: 2017 - 2026 | D11: Y | E11: 0 | F11: 169.58631 | G11: 212.52904 | H11: 146.62424 | I11: 11.835752 | J11: 43.889336 | K11: 34.531808 | L11: 1308.32 | M11: 5460 | N11: 5624.32 | O11: 5903.04 | P11: 0 | Q11: 0 | R11: 0 | S11: 0 | T11: 0 | U11: 0 | V11: 0 | W11: 0 | X11: =SUM(E11:W11) -> 18914.676 | Y11: 1 | Z11: 0.448 | AA11: 0.354 | AB11: 0.198 | AC11: =+E11*($Z11+$AA11) -> 0 | AD11: =+F11*($Z11+$AA11) -> 136.00822 | AE11: =+G11*($Z11+$AA11) -> 170.44829 | AF11: =+H11*($Z11+$AA11) -> 117.59264 | AG11: =+I11*($Z11+$AA11) -> 9.4922729 | AH11: =+J11*($Z11+$AA11) -> 35.199248 | AI11: =+K11*($Z11+$AA11) -> 27.69451 | AJ11: =+L11*($Z11+$AA11) -> 1049.2726 | ... AU11: =+W11*($Z11+$AA11) -> 0 | AV11: =SUM(AC11:AU11) -> 15169.571
A12: Bearspaw RTF Fourth Thickener | B12: Bearspaw | C12: Completed | D12: Y | E12: 1573.0207 | F12: 464.07736 | G12: 0 | H12: 0 | I12: 0 | J12: 0 | K12: 0 | L12: 0 | M12: 0 | N12: 0 | O12: 0 | P12: 0 | Q12: 0 | R12: 0 | S12: 0 | T12: 0 | U12: 0 | V12: 0 | W12: 0 | X12: =SUM(E12:W12) -> 2037.0981 | Y12: 0.2 | Z12: 0.1132 | AA12: 0.047 | AB12: 0.04 | AC12: =+E12*($Z12+$AA12) -> 251.99792 | AD12: =+F12*($Z12+$AA12) -> 74.345192 | AE12: =+G12*($Z12+$AA12) -> 0 | AF12: =+H12*($Z12+$AA12) -> 0 | AG12: =+I12*($Z12+$AA12) -> 0 | AH12: =+J12*($Z12+$AA12) -> 0 | AI12: =+K12*($Z12+$AA12) -> 0 | AJ12: =+L12*($Z12+$AA12) -> 0 | ... AU12: =+W12*($Z12+$AA12) -> 0 | AV12: =SUM(AC12:AU12) -> 326.34311
A13: Bearspaw UV Disinfection | B13: Bearspaw | C13: TBD | D13: Y | E13: 0 | F13: 0 | G13: 0 | H13: 0 | I13: 0 | J13: 0 | K13: 0 | L13: 0 | M13: 0 | N13: 0 | O13: 0 | P13: 0 | Q13: 0 | R13: 0 | S13: 0 | T13: 0 | U13: 0 | V13: 0 | W13: 0 | X13: =SUM(E13:W13) -> 0 | Y13: 1 | Z13: 0.448 | AA13: 0.354 | AB13: 0.198 | AC13: =+E13*($Z13+$AA13) -> 0 | AD13: =+F13*($Z13+$AA13) -> 0 | AE13: =+G13*($Z13+$AA13) -> 0 | AF13: =+H13*($Z13+$AA13) -> 0 | AG13: =+I13*($Z13+$AA13) -> 0 | AH13: =+J13*($Z13+$AA13) -> 0 | AI13: =+K13*($Z13+$AA13) -> 0 | AJ13: =+L13*($Z13+$AA13) -> 0 | ... AU13: =+W13*($Z13+$AA13) -> 0 | AV13: =SUM(AC13:AU13) -> 0
A14: Bearspaw North Feeder Pump Station STN012 Upgrade | B14: Bearspaw | C14: 2021-2023 | D14: Y | J14: 206.94616 | K14: 1938.2725 | L14: 1137.1991 | X14: =SUM(E14:W14) -> 3282.4177 | Y14: 0.37 | Z14: 0.10471 | AA14: 0.15022 | AB14: 0.11507 | AC14: =+E14*($Z14+$AA14) -> 0 | AD14: =+F14*($Z14+$AA14) -> 0 | AE14: =+G14*($Z14+$AA14) -> 0 | AF14: =+H14*($Z14+$AA14) -> 0 | AG14: =+I14*($Z14+$AA14) -> 0 | AH14: =+J14*($Z14+$AA14) -> 52.756784 | AI14: =+K14*($Z14+$AA14) -> 494.1238 | AJ14: =+L14*($Z14+$AA14) -> 289.90617 | ... AU14: =+W14*($Z14+$AA14) -> 0 | AV14: =SUM(AC14:AU14) -> 836.78675
A15: New Water Treatment Plant | B15: Bearspaw | C15: NEW | D15: N | E15: 0 | F15: 0 | G15: 0 | H15: 0 | I15: 0 | J15: 0 | K15: 0 | L15: 0 | M15: 0 | N15: 10400 | O15: 10400 | P15: 10400 | Q15: 10400 | R15: 10400 | S15: 93600 | T15: 93600 | U15: 93600 | V15: 93600 | W15: 93600 | X15: =SUM(E15:W15) -> 520000 | Y15: 1 | Z15: 0.59 | AA15: 0.301 | AB15: 0.109 | AC15: =+E15*($Z15+$AA15) -> 0 | AD15: =+F15*($Z15+$AA15) -> 0 | AE15: =+G15*($Z15+$AA15) -> 0 | AF15: =+H15*($Z15+$AA15) -> 0 | AG15: =+I15*($Z15+$AA15) -> 0 | AH15: =+J15*($Z15+$AA15) -> 0 | AI15: =+K15*($Z15+$AA15) -> 0 | AJ15: =+L15*($Z15+$AA15) -> 0 | ... AU15: =+W15*($Z15+$AA15) -> 83397.6 | AV15: =SUM(AC15:AU15) -> 463320
A16: TOTAL | E16: =SUM(E8:E15) -> 1573.0207 | F16: =SUM(F8:F15) -> 633.66367 | G16: =SUM(G8:G15) -> 212.52904 | H16: =SUM(H8:H15) -> 146.62424 | I16: =SUM(I8:I15) -> 11.835752 | J16: =SUM(J8:J15) -> 250.8355 | K16: =SUM(K8:K15) -> 1972.8043 | L16: =SUM(L8:L15) -> 2445.5191 | ... X16: =SUM(X8:X15) -> 544234.19 | AC16: =SUM(AC8:AC15) -> 251.99792 | AD16: =SUM(AD8:AD15) -> 210.35342 | AE16: =SUM(AE8:AE15) -> 170.44829 | AF16: =SUM(AF8:AF15) -> 117.59264 | AG16: =SUM(AG8:AG15) -> 9.4922729 | AH16: =SUM(AH8:AH15) -> 87.956032 | AI16: =SUM(AI8:AI15) -> 521.81831 | AJ16: =SUM(AJ8:AJ15) -> 1339.1788 | ... AV16: =SUM(AV8:AV15) -> 479652.7

Sheet Tab 5 - WTP Capacity 
A1: Water Treatment Capacity - COMBINED SERVICE AREA (Bearspaw and Glenmore WTPs)
A2: This tab provides details on the population and water treatment capacity by year. It also shows the regional Master Service Agreements, which indicate the maximum contract volumes of potable water The City has with regional customers. It also shows assumptions used in water treatment planning criteria, and benefit allocation of pre-2015 projects using a previous methodology.
A3: TABLE 1: POPULATION PROJECTS AND WATER TREATMENT CAPACITY AVAILABLE FOR CALGARY
A4: Year | B4: 2022 Population Forecast Scenario ("2022 MDP Update (Jan 2022)" + May 2019 Regional) | E4: Water Treatment Capacity | G4: BPWTP Upgrades | H4: GMWTP Upgrades | I4: Regional MSA Contracted Capacity (ML/d) | J4: Capacity for Inside the City (ML/d)
B5: Calgary Equivalent Population (Jan 2022) | C5: Regional Equivalent Population (May 2019 Data) | D5: Total Service Area Equivalent Population | E5: Capacity of Combined Treatment Systems (ML/d) | F5: Capacity of Combined Treatment Plant Systems in Equiv Pop | G5: BPWTP Incremental Capacity (in Equiv Pop) | H5: GMWTP Incremental Capacity (in Equiv Pop)
A6: 2005 | B6: 956078 | C6: 62655.71 | D6: =B6+C6 -> 1018733.7 | E6: =450+300 -> 750 | F6: =E6/$I$32*1000000 -> 1153846.2
A7: 2006 | B7: 991759 | C7: 66891.71 | D7: =B7+C7 -> 1058650.7 | E7: =E6 -> 750 | F7: =E7/$I$32*1000000 -> 1153846.2
A8: 2007 | B8: 1019942 | C8: 71929.71 | D8: =B8+C8 -> 1091871.7 | E8: =E7 -> 750 | F8: =E8/$I$32*1000000 -> 1153846.2
A9: 2008 | B9: 1042892 | C9: 76114.71 | D9: =B9+C9 -> 1119006.7 | E9: 850 | F9: =E9/$I$32*1000000 -> 1307692.3 | G9: =(E9-E8)/I32*10^6 -> 153846.15
A10: 2009 | B10: 1065455 | C10: 81791.71 | D10: =B10+C10 -> 1147246.7 | E10: =E9 -> 850 | F10: =E10/$I$32*1000000 -> 1307692.3
A11: 2010 | B11: 1071515 | C11: 84383.71 | D11: =B11+C11 -> 1155898.7 | E11: =E10 -> 850 | F11: =E11/$I$32*1000000 -> 1307692.3
A12: 2011 | B12: 1090936 | C12: 88251.71 | D12: =B12+C12 -> 1179187.7 | E12: 950 | F12: =E12/$I$32*1000000 -> 1461538.5 | H12: =(E12-E11)/I32*10^6 -> 153846.15
A13: 2012 | B13: 1120225 | C13: 91680.71 | D13: =B13+C13 -> 1211905.7 | E13: =E12 -> 950 | F13: =E13/$I$32*1000000 -> 1461538.5
A14: 2013 | B14: 1149552 | C14: 96472.71 | D14: =B14+C14 -> 1246024.7 | E14: =E12 -> 950 | F14: =E14/$I$32*1000000 -> 1461538.5
A15: 2014 | B15: 1197264 | C15: 103765.71 | D15: =B15+C15 -> 1301029.7 | E15: =E12 -> 950 | F15: =E15/$I$32*1000000 -> 1461538.5
A16: 2015 | B16: 1230641 | C16: 102996.12 | D16: =B16+C16 -> 1333637.1 | E16: =E15 -> 950 | F16: =E16/$I$32*1000000 -> 1461538.5
A17: 2016 | B17: 1235167.6 | C17: 107869 | D17: =B17+C17 -> 1343036.6 | E17: =E16 -> 950 | F17: =E17/$I$32*1000000 -> 1461538.5
A18: 2017 | B18: 1246330 | C18: 112081.62 | D18: =B18+C18 -> 1358411.6 | E18: =E17 -> 950 | F18: =E18/$I$32*1000000 -> 1461538.5
A19: 2018 | B19: 1267831.2 | C19: 116198.12 | D19: =B19+C19 -> 1384029.3 | E19: =E18 -> 950 | F19: =E19/$I$32*1000000 -> 1461538.5
A20: 2019 | B20: 1285711 | C20: 120029.12 | D20: =B20+C20 -> 1405740.1 | E20: =E19 -> 950 | F20: =E20/$I$32*1000000 -> 1461538.5
A21: 2020 | B21: 1296247.5 | C21: 123716.83 | D21: =B21+C21 -> 1419964.3 | E21: =E20 -> 950 | F21: =E21/$I$32*1000000 -> 1461538.5
A22: 2021 | B22: 1306784 | C22: 130674.83 | D22: =B22+C22 -> 1437458.8 | E22: 965 | F22: =E22/$I$33*1000000 -> 1649572.6
A23: 2023 | B23: 1371481.8 | C23: 140905.49 | D23: =B23+C23 -> 1512387.3 | E23: =E22 -> 965 | F23: =E23/$I$33*1000000 -> 1649572.6 | I23: 57.58 | J23: =E23-I23 -> 907.42
A24: 2028 | B24: 1480920 | C24: 170439.24 | D24: =B24+C24 -> 1651359.3 | E24: 1120 | F24: =E24/$I$33*1000000 -> 1914529.9 | G24: =(E24-E23)/I33*10^6 -> 264957.26 | I24: 99.7 | J24: =E24-I24 -> 1020.3
A25: 2033 | B25: 1567584.8 | C25: 193250.21 | D25: =B25+C25 -> 1760835 | E25: =E24 -> 1120 | F25: =E25/$I$33*1000000 -> 1914529.9 | I25: 119.23 | J25: =E25-I25 -> 1000.77
A26: 2038 | B26: 1648465.8 | C26: 219506.29 | D26: =B26+C26 -> 1867972.1 | E26: 1420 | F26: =E26/$I$33*1000000 -> 2427350.4 | G26: =(E26-E25)/I33*10^6 -> 512820.51 | I26: 119.23 | J26: =E26-I26 -> 1300.77
A28: TABLE 2: BENEFIT ALLOCATION AND ASSUMPTIONS FOR PRE-2015 UPGRADES AND EXPANSIONS
A29: Inside City Plant Capacity | H29: TABLE 3: PER CAPITA PLANNING CRITERIA
A30: Year | B30: City Population | C30: Regional Population | D30: Total | E30: % Inside City | H30: Per Capita Consumption Assumptions
A31: =A6 -> 2005 | B31: =B6 -> 956078 | C31: =C6 -> 62655.71 | D31: =D6 -> 1018733.7 | E31: =B31/D31 -> 0.93849648 | H31: Year | I31: Liters/EP/day
A32: =A7 -> 2006 | B32: =B7 -> 991759 | C32: =C7 -> 66891.71 | D32: =D7 -> 1058650.7 | E32: =B32/D32 -> 0.93681418 | H32: up to 2020 | I32: 650
A33: =A8 -> 2007 | B33: =B8 -> 1019942 | C33: =C8 -> 71929.71 | D33: =D8 -> 1091871.7 | E33: =B33/D33 -> 0.93412256 | H33: 2021+ | I33: 585
A34: =A9 -> 2008 | B34: =B9 -> 1042892 | C34: =C9 -> 76114.71 | D34: =D9 -> 1119006.7 | E34: =B34/D34 -> 0.93198011
A35: =A10 -> 2009 | B35: =B10 -> 1065455 | C35: =C10 -> 81791.71 | D35: =D10 -> 1147246.7 | E35: =B35/D35 -> 0.92870608
A36: =A11 -> 2010 | B36: =B11 -> 1071515 | C36: =C11 -> 84383.71 | D36: =D11 -> 1155898.7 | E36: =B36/D36 -> 0.92699731
A37: =A12 -> 2011 | B37: =B12 -> 1090936 | C37: =C12 -> 88251.71 | D37: =D12 -> 1179187.7 | E37: =B37/D37 -> 0.9251589
A38: =A13 -> 2012 | B38: =B13 -> 1120225 | C38: =C13 -> 91680.71 | D38: =D13 -> 1211905.7 | E38: =B38/D38 -> 0.92434996
A39: =A14 -> 2013 | B39: =B14 -> 1149552 | C39: =C14 -> 96472.71 | D39: =D14 -> 1246024.7 | E39: =B39/D39 -> 0.9225756
A40: =A15 -> 2014 | B40: =B15 -> 1197264 | C40: =C15 -> 103765.71 | D40: =D15 -> 1301029.7 | E40: =B40/D40 -> 0.9202434
A41: =A16 -> 2015 | B41: =B16 -> 1230641 | C41: =C16 -> 102996.12 | D41: =D16 -> 1333637.1 | E41: =B41/D41 -> 0.92277051
A42: =A17 -> 2016 | B42: =B17 -> 1235167.6 | C42: =C17 -> 107869 | D42: =D17 -> 1343036.6 | E42: =B42/D42 -> 0.91968275
A43: =A18 -> 2017 | B43: =B18 -> 1246330 | C43: =C18 -> 112081.62 | D43: =D18 -> 1358411.6 | E43: =B43/D43 -> 0.91749068
A44: =A19 -> 2018 | B44: =B19 -> 1267831.2 | C44: =C19 -> 116198.12 | D44: =D19 -> 1384029.3 | E44: =B44/D44 -> 0.9160436
A45: =A20 -> 2019 | B45: =B20 -> 1285711 | C45: =C20 -> 120029.12 | D45: =D20 -> 1405740.1 | E45: =B45/D45 -> 0.914615
... A47: =A22 -> 2021 | B47: =B22 -> 1306784 | C47: =C22 -> 130674.83 | D47: =D22 -> 1437458.8 | E47: =B47/D47 -> 0.90909317
A49: TABLE 4: CURRENT AND FUTURE WATER TREATMENT CAPACITY AVAILABLE FOR CALGARY
A50: Capacity | B50: System Wide Capacity by Population (EP) (B) | C50: Capacity to support Calgary Growth (C) | D50: Capacity to support Calgary Growth (B*C) | E50: Total Available Capacity to support Growth in Calgary (GF+EST) at the end of 2023
A51: Base Capacity (2004-2023) | B51: ='Tab 5 - WTP Capacity '!G9+'Tab 5 - WTP Capacity '!H12 -> 307692.31 | C51: =AVERAGE('Tab 5 - WTP Capacity '!E31:E42) -> 0.92765815 | D51: =B51*C51 -> 285433.28 | E51: ='Tab 5 - WTP Capacity '!J23/'Tab 5 - WTP Capacity '!I33*10^6-'Tab 5 - WTP Capacity '!B23 -> 179663.51
A52: Future Capacity (2024+) | D52: =('Tab 5 - WTP Capacity '!J26-'Tab 5 - WTP Capacity '!J23)/'Tab 5 - WTP Capacity '!I33*10^6 -> 672393.16 | E52: =D52 -> 672393.16
A53: Total Capacity | E53: =SUM(E51:E52) -> 852056.67

Sheet Tab 6 - WWTP Summary
A1: THE CITY OF CALGARY
A2: WASTEWATER TREATMENT
A3: 2024 Levy Rate
A4: This tab provides a high level summary of the steps that are taken to determine the citywide wastewater treatment plant levy rate calculation.
B6: Step 1 | C6: Step 2 | D6: Step 3 | E6: Step 4 | F6: Step 5 | G6: Step 6 | H6: Step 7
B7: Present value of the growth related costs for Calgary. Details for this step can be found in Tab 7, Tab 8 and Tab 9. | C7: The total current and forecasted capacity built to service growth in Calgary. Details for this step can be found in Tab 10. | D7: Determine the value of a unit of added capacity. Step 1 divided by Step 2. | E7: Total available current capacity plus forecasted capacity to be built. The purpose of this is to only charge for the capacity that is actually available to growth. Details for this step can be found in Tab 10. | F7: Determine the total value of available capacity. Step 3 multiplied by Step 4 | G7: Determine the average value of a unit of available capacity. Step 5 divided by Step 4 | H7: Determine the total greenfield offsite levy present value by hectare. Step 6 multiplied by a assumed density of 60 EP/Ha. The 60EP/Ha is the minimum planned density required for greenfield development. Please note Established Areas is charged on an EP basis, and not by hectares.
B8: Present Value Calgary Growth (*) Costs (A) | C8: Added Capacity for Calgary Based on Forecasted Growth (B) | D8: Value per Unit of Added Growth Capacity (C) = (A) / (B) | E8: Total Available Growth Capacity (D) | F8: Value of Available Capacity (E) = (C) * (D) | G8: Average Unit Value of Current & Future Available Capacity (F) = (E) / (D) | H8: Capacity Charge by Hectare (G) = (F) * 60 EP/Ha
A9: Current Capacity (2004-2014) | B9: ='Tab 7 - WWTP Future + Current'!D58*1000 -> 3.5409946e+08 | C9: ='Tab 10 - WWTP Capacity'!D32 -> 242500 | D9: =+B9/C9 -> 1460.204 | E9: ='Tab 10 - WWTP Capacity'!E32 -> 0 | F9: =D9*E9 -> 0
A11: Forecasted Future Capacity (2015+)
A12: Bonnybrook | B12: ='Tab 7 - WWTP Future + Current'!D31*1000 -> 7.8468464e+08 | C12: ='Tab 10 - WWTP Capacity'!D34 -> 321720 | D12: =+B12/C12 -> 2439.0297 | E12: ='Tab 10 - WWTP Capacity'!E34 -> 208052.72 | F12: =+D12*E12 -> 5.0744676e+08
A13: Pine & Fish Creek | B13: ='Tab 7 - WWTP Future + Current'!D55*1000 -> 3.7914178e+08 | C13: ='Tab 10 - WWTP Capacity'!D35 -> 161075 | D13: =+B13/C13 -> 2353.8214 | E13: ='Tab 10 - WWTP Capacity'!E35 -> 161075 | F13: =+D13*E13 -> 3.7914178e+08
A15: Total | B15: =+B9+B12+B13 -> 1.5179259e+09 | C15: =+C9+C12+C13 -> 725295 | E15: =+E9+E12+E13 -> 369127.72 | F15: =+F9+F12+F13 -> 8.8658854e+08 | G15: =ROUNDDOWN(F15/E15,0) -> 2401 | H15: =G15*60 -> 144060

Sheet Tab 7 - WWTP Future + Current
B1: CURRENT & FUTURE COSTS OF GROWTH CAPACITY UPGRADES REQUIRED IN WASTEWATER TREATMENT PLANTS
B2: This tab provides details on how the net present value was calculated for the current capacity and future capacity of wastewater treatment plants. Column D are the net present value which is used at Step 1 of the calculation (see summary tab).Tables 1 and 2 provide a breakdown of the forecasted financing costs and anticipated financial rates. Tables 3 and 4 calculate the debt servicing costs and net present value.
B3: TABLE 1: FORECASTED DEBT FINANCING COSTS / FUTURE CAPACITY FOR WASTEWATER TREATMENT PLANTS (In thousands)
C4: Capital Costs | F4: 2023 & Prior | G4: 2024 | H4: =+G4+1 -> 2025 | I4: =+H4+1 -> 2026 | J4: =+I4+1 -> 2027 | K4: =+J4+1 -> 2028 | L4: =+K4+1 -> 2029 | M4: =+L4+1 -> 2030 | N4: =+M4+1 -> 2031 | O4: =+N4+1 -> 2032 | ... AF4: =+AE4+1 -> 2049
B6: Growth Related Capital Costs Future Expansions | C6: =SUM(D6:AD6) -> 581224.76 | G6: =+G7+G8 -> 24402.774 | H6: =+H7+H8 -> 44332.517 | I6: =+I7+I8 -> 27921.295 | J6: =+J7+J8 -> 74134.516 | K6: =+K7+K8 -> 72042.552 | L6: =+L7+L8 -> 10571.266 | M6: =+M7+M8 -> 20565.278 | N6: =+N7+N8 -> 26184.986 | ... U6: =+U7+U8 -> 0
B7: Bonnybrook | C7: =SUM(D7:AD7) -> 222340.17 | G7: ='Tab 9 - WWTP Capital'!AM26 -> 24184.541 | H7: ='Tab 9 - WWTP Capital'!AN26 -> 43442.596 | I7: ='Tab 9 - WWTP Capital'!AO26 -> 27240.626 | J7: ='Tab 9 - WWTP Capital'!AP26 -> 63076.91 | K7: ='Tab 9 - WWTP Capital'!AQ26 -> 58535.411 | L7: ='Tab 9 - WWTP Capital'!AR26 -> 5755.724 | M7: ='Tab 9 - WWTP Capital'!AS26 -> 104.35984 | N7: ='Tab 9 - WWTP Capital'!AT26 -> 0 | ... S7: ='Tab 9 - WWTP Capital'!AY26 -> 0
B8: Pine Creek + Fish Creek | C8: =SUM(D8:AD8) -> 358884.59 | G8: ='Tab 9 - WWTP Capital'!AM27 -> 218.23299 | H8: ='Tab 9 - WWTP Capital'!AN27 -> 889.92026 | I8: ='Tab 9 - WWTP Capital'!AO27 -> 680.6686 | J8: ='Tab 9 - WWTP Capital'!AP27 -> 11057.605 | K8: ='Tab 9 - WWTP Capital'!AQ27 -> 13507.14 | L8: ='Tab 9 - WWTP Capital'!AR27 -> 4815.5418 | M8: ='Tab 9 - WWTP Capital'!AS27 -> 20460.918 | N8: ='Tab 9 - WWTP Capital'!AT27 -> 26184.986 | ... S8: ='Tab 9 - WWTP Capital'!AY27 -> 46067.281
B10: TABLE 2: ANTICIPATED FINANCIAL RATES | F10: =F4 -> 2023 & Prior | G10: =G4 -> 2024 | H10: =H4 -> 2025 | I10: =I4 -> 2026 | J10: =J4 -> 2027 | K10: =K4 -> 2028 | L10: =L4 -> 2029 | M10: =M4 -> 2030 | ... AF10: =AF4 -> 2049 | AG10: Total
B11: Borrowing Term | G11: 10 | H11: 10 | I11: 10 | J11: 10 | K11: 10 | L11: 10 | M11: 10 | N11: 10 | O11: 10 | P11: 10 | Q11: 10 | R11: 10 | S11: 10 | T11: 10 | U11: 10
B12: Interest Rate | G12: 0.049702143 | H12: 0.049176143 | I12: 0.049727143 | J12: 0.050935143 | K12: 0.052664143 | L12: 0.053821143 | M12: 0.054979143 | N12: 0.055651143 | O12: 0.056246143 | P12: 0.056785143 | Q12: 0.056747143 | R12: 0.056709143 | S12: 0.056671143 | T12: 0.056633143 | U12: 0.055570143
B13: Interest Expense
B14: Debt Servicing
B15: Discount Rate | G15: 0.0358
B17: TABLE 3: BONNYBROOK FUTURE CAPACITY DETAILS (In thousands)
B18: Year | C18: Capital Costs | D18: NPV (**) Debt Servicing | E18: FV Debt Servicing | F18: =F4 -> 2023 & Prior | G18: =G4 -> 2024 | H18: =H4 -> 2025 | I18: =I4 -> 2026 | J18: =J4 -> 2027 | K18: =K4 -> 2028 | L18: =L4 -> 2029 | M18: =M4 -> 2030 | ... Z18: =Z4 -> 2043 | AA18: =+Z18+1 -> 2044 | AB18: =+AA18+1 -> 2045 | AC18: =+AB18+1 -> 2046 | AD18: =+AC18+1 -> 2047 | AE18: =+AD18+1 -> 2048 | AF18: =+AE18+1 -> 2049
B20: 2024 | C20: =G7 -> 24184.541 | D20: =NPV($G$15,H20:AF20)+F20+G20 -> 26123.758 | E20: =SUM(F20:AF20) -> 30983.744 | F20: 0 | G20: =-PMT($G$12/2,$G$11*2,$G$7) -> 1549.1872 | H20: =G20*2 -> 3098.3744 | I20: =H20 -> 3098.3744 | J20: =I20 -> 3098.3744 | K20: =J20 -> 3098.3744 | L20: =K20 -> 3098.3744 | M20: =L20 -> 3098.3744 | N20: =M20 -> 3098.3744 | O20: =N20 -> 3098.3744 | P20: =O20 -> 3098.3744 | Q20: =P20/2 -> 1549.1872 | R20: 0 | S20: 0 | T20: 0 | U20: 0 | V20: 0 | W20: 0 | X20: 0 | Y20: 0 | Z20: 0 | AA20: 0 | AB20: 0 | AC20: 0 | AD20: 0 | AE20: 0 | AF20: 0
B21: 2025 | C21: =H7 -> 43442.596 | D21: =NPV($G$15,H21:AF21)+F21+G21 -> 45191.572 | E21: =SUM(F21:AF21) -> 55517.717 | F21: 0 | G21: 0 | H21: =-PMT($H$12/2,$H$11*2,$H$7) -> 2775.8859 | I21: =H21*2 -> 5551.7717 | J21: =I21 -> 5551.7717 | K21: =J21 -> 5551.7717 | L21: =K21 -> 5551.7717 | M21: =L21 -> 5551.7717 | N21: =M21 -> 5551.7717 | O21: =N21 -> 5551.7717 | P21: =O21 -> 5551.7717 | Q21: =P21 -> 5551.7717 | R21: =Q21/2 -> 2775.8859 | S21: 0 | T21: 0 | U21: 0 | V21: 0 | W21: 0 | X21: 0 | Y21: 0 | Z21: 0 | AA21: 0 | AB21: 0 | AC21: 0 | AD21: 0 | AE21: 0 | AF21: 0
B22: 2026 | C22: =I7 -> 27240.626 | D22: =NPV($G$15,H22:AE22)+F22+G22 -> 27429.279 | E22: =SUM(F22:AF22) -> 34903.136 | F22: =0 -> 0 | G22: 0 | H22: 0 | I22: =-PMT($I$12/2,$I$11*2,$I$7) -> 1745.1568 | J22: =I22*2 -> 3490.3136 | K22: =J22 -> 3490.3136 | L22: =K22 -> 3490.3136 | M22: =L22 -> 3490.3136 | N22: =M22 -> 3490.3136 | O22: =N22 -> 3490.3136 | P22: =O22 -> 3490.3136 | Q22: =P22 -> 3490.3136 | R22: =Q22 -> 3490.3136 | S22: =R22/2 -> 1745.1568 | T22: 0 | U22: 0 | V22: 0 | W22: 0 | X22: 0 | Y22: 0 | Z22: 0 | AA22: 0 | AB22: 0 | AC22: 0 | AD22: 0 | AE22: 0 | AF22: 0
B23: 2027 | C23: =J7 -> 63076.91 | D23: =NPV($G$15,H23:AF23)+F23+G23 -> 61669.143 | E23: =SUM(F23:AF23) -> 81281.906 | F23: 0 | G23: 0 | H23: 0 | I23: 0 | J23: =-PMT($J$12/2,$J$11*2,$J$7) -> 4064.0953 | K23: =J23*2 -> 8128.1906 | L23: =K23 -> 8128.1906 | M23: =L23 -> 8128.1906 | N23: =M23 -> 8128.1906 | O23: =N23 -> 8128.1906 | P23: =O23 -> 8128.1906 | Q23: =P23 -> 8128.1906 | R23: =Q23 -> 8128.1906 | S23: =R23 -> 8128.1906 | T23: =S23/2 -> 4064.0953 | U23: 0 | V23: 0 | W23: 0 | X23: 0 | Y23: 0 | Z23: 0 | AA23: 0 | AB23: 0 | AC23: 0 | AD23: 0 | AE23: 0 | AF23: 0
B24: 2028 | C24: =K7 -> 58535.411 | D24: =NPV($G$15,H24:AF24)+F24+G24 -> 55702.302 | E24: =SUM(F24:AF24) -> 76045.762 | F24: 0 | G24: 0 | H24: 0 | I24: 0 | J24: 0 | K24: =-PMT($K$12/2,$K$11*2,$K$7) -> 3802.2881 | L24: =K24*2 -> 7604.5762 | M24: =L24 -> 7604.5762 | N24: =M24 -> 7604.5762 | O24: =N24 -> 7604.5762 | P24: =O24 -> 7604.5762 | Q24: =P24 -> 7604.5762 | R24: =Q24 -> 7604.5762 | S24: =R24 -> 7604.5762 | T24: =S24 -> 7604.5762 | U24: =T24/2 -> 3802.2881 | V24: 0 | W24: 0 | X24: 0 | Y24: 0 | Z24: 0 | AA24: 0 | AB24: 0 | AC24: 0 | AD24: 0 | AE24: 0 | AF24: 0
B25: 2029 | C25: =L7 -> 5755.724 | D25: =NPV($G$15,H25:AF25)+F25+G25 -> 5316.6164 | E25: =SUM(F25:AF25) -> 7518.1867 | F25: 0 | G25: 0 | H25: 0 | I25: 0 | J25: 0 | K25: 0 | L25: =-PMT($L$12/2,$L$11*2,$L$7) -> 375.90933 | M25: =L25*2 -> 751.81867 | N25: =M25 -> 751.81867 | O25: =N25 -> 751.81867 | P25: =O25 -> 751.81867 | Q25: =P25 -> 751.81867 | R25: =Q25 -> 751.81867 | S25: =R25 -> 751.81867 | T25: =S25 -> 751.81867 | U25: =T25 -> 751.81867 | V25: =U25/2 -> 375.90933 | W25: 0 | X25: 0 | Y25: 0 | Z25: 0 | AA25: 0 | AB25: 0 | AC25: 0 | AD25: 0 | AE25: 0 | AF25: =0 -> 0
B26: 2030 | C26: =M7 -> 104.35984 | D26: =NPV($G$15,H26:AF26)+F26+G26 -> 93.571986 | E26: =SUM(F26:AF26) -> 137.05647 | F26: 0 | G26: 0 | H26: 0 | I26: 0 | J26: 0 | K26: 0 | L26: 0 | M26: =-PMT(M12/2,M11*2,M7) -> 6.8528234 | N26: =M26*2 -> 13.705647 | O26: =N26 -> 13.705647 | P26: =O26 -> 13.705647 | Q26: =P26 -> 13.705647 | R26: =Q26 -> 13.705647 | S26: =R26 -> 13.705647 | T26: =S26 -> 13.705647 | U26: =T26 -> 13.705647 | V26: =U26 -> 13.705647 | W26: =V26/2 -> 6.8528234 | X26: 0 | Y26: 0 | Z26: 0 | AA26: 0 | AB26: 0 | AC26: 0 | AD26: 0 | AE26: 0 | AF26: 0
B28: Total Future | C28: =SUM(C20:C27) -> 222340.17 | D28: =SUM(D20:D27) -> 221526.24 | E28: =SUM(E20:E27) -> 286387.51 | F28: =SUM(F20:F25) -> 0 | G28: =SUM(G20:G25) -> 1549.1872 | H28: =SUM(H20:H25) -> 5874.2603 | I28: =SUM(I20:I25) -> 10395.303 | J28: =SUM(J20:J25) -> 16204.555 | K28: =SUM(K20:K25) -> 24070.938 | L28: =SUM(L20:L25) -> 28249.136 | M28: =SUM(M20:M26) -> 28631.898 | N28: =SUM(N20:N26) -> 28638.751 | O28: =SUM(O20:O26) -> 28638.751 | P28: =SUM(P20:P26) -> 28638.751 | Q28: =SUM(Q20:Q26) -> 27089.564 | R28: =SUM(R20:R26) -> 22764.491 | S28: =SUM(S20:S25) -> 18229.742 | T28: =SUM(T20:T25) -> 12420.49 | U28: =SUM(U20:U25) -> 4554.1068 | V28: =SUM(V20:V25) -> 375.90933 | W28: =SUM(W20:W25) -> 0 | X28: =SUM(X20:X26) -> 0 | Y28: =SUM(Y20:Y25) -> 0 | Z28: =SUM(Z20:Z25) -> 0 | AA28: =SUM(AA20:AA25) -> 0 | AB28: =SUM(AB20:AB25) -> 0 | AC28: =SUM(AC20:AC25) -> 0 | AD28: =SUM(AD20:AD25) -> 0 | AE28: =SUM(AE20:AE25) -> 0 | AF28: =SUM(AF20:AF25) -> 0
B30: BB Historical (2015 - 2023) | C30: ='Tab 8 - WWTP Historic'!D25 -> 541457 | D30: =NPV(G15,H30:AF30)+F30+G30 -> 563158.4 | E30: =SUM(F30:AF30) -> 631101.51 | F30: =SUM('Tab 8 - WWTP Historic'!E28:Z28) -> 144176.54 | G30: ='Tab 8 - WWTP Historic'!AA28 -> 52094.044 | H30: ='Tab 8 - WWTP Historic'!AB28 -> 55119.321 | I30: ='Tab 8 - WWTP Historic'!AC28 -> 55827.618 | J30: ='Tab 8 - WWTP Historic'!AD28 -> 56442.132 | K30: ='Tab 8 - WWTP Historic'!AE28 -> 58294.945 | L30: ='Tab 8 - WWTP Historic'!AF28 -> 50760.895 | M30: ='Tab 8 - WWTP Historic'!AG28 -> 44220.948 | N30: ='Tab 8 - WWTP Historic'!AH28 -> 34894.24 | ... AF30: ='Tab 8 - WWTP Historic'!AZ28 -> 0
B31: Total | C31: =+C30+C28 -> 763797.17 | D31: =+D30+D28 -> 784684.64 | E31: =+E30+E28 -> 917489.02 | F31: =+F30+F28 -> 144176.54 | G31: =+G30+G28 -> 53643.231 | H31: =+H30+H28 -> 60993.581 | I31: =+I30+I28 -> 66222.921 | J31: =+J30+J28 -> 72646.687 | ... AF31: =+AF30+AF28 -> 0
B34: TABLE 4: PINE CREEK + FISH CREEK FUTURE CAPACITY DETAILS (In thousands)
B35: Year | C35: Capital Costs | D35: NPV (**) Debt Servicing | E35: FV Debt Servicing | F35: =F4 -> 2023 & Prior | G35: =G4 -> 2024 | H35: =H4 -> 2025 | I35: =I4 -> 2026 | J35: =J4 -> 2027 | K35: =K4 -> 2028 | L35: =L4 -> 2029 | M35: =M4 -> 2030 | ... AF35: =AF4 -> 2049
B37: 2024 | C37: =G8 -> 218.23299 | D37: =NPV($G$15,H38:AF38)+F38+G38 -> 925.74796 | E37: =SUM(F38:AF38) -> 1137.2787 | F37: 0 | G37: =-PMT(G12/2,G11*2,G8) -> 13.979333 | H37: =G37*2 -> 27.958667 | I37: =H37 -> 27.958667 | J37: =+I37 -> 27.958667 | K37: =+J37 -> 27.958667 | L37: =+K37 -> 27.958667 | M37: =+L37 -> 27.958667 | N37: =+M37 -> 27.958667 | O37: =+N37 -> 27.958667 | P37: =+O37 -> 27.958667 | Q37: =P37/2 -> 13.979333 | R37: 0 | S37: 0 | T37: 0 | U37: 0 | V37: 0 | W37: 0 | X37: 0 | Y37: 0 | Z37: 0 | AA37: 0 | AB37: 0 | AC37: 0 | AD37: 0 | AE37: 0 | AF37: 0
B38: 2025 | C38: =H8 -> 889.92026 | D38: =NPV($G$15,H39:AF39)+F39+G39 -> 685.38252 | E38: =SUM(F39:AF39) -> 872.13373 | F38: 0 | G38: 0 | H38: =-PMT($H$12/2,$H$11*2,H8) -> 56.863937 | I38: =+H38*2 -> 113.72787 | J38: =+I38 -> 113.72787 | K38: =+J38 -> 113.72787 | L38: =+K38 -> 113.72787 | M38: =+L38 -> 113.72787 | N38: =+M38 -> 113.72787 | O38: =+N38 -> 113.72787 | P38: =+O38 -> 113.72787 | Q38: =+P38 -> 113.72787 | R38: =+Q38/2 -> 56.863937 | S38: 0 | T38: 0 | U38: 0 | V38: 0 | W38: 0 | X38: 0 | Y38: 0 | Z38: 0 | AA38: 0 | AB38: 0 | AC38: 0 | AD38: 0 | AE38: 0 | AF38: 0
B39: 2026 | C39: =I8 -> 680.6686 | D39: =NPV($G$15,H40:AF40)+F40+G40 -> 10810.819 | E39: =SUM(F40:AF40) -> 14249.005 | F39: =0 -> 0 | G39: 0 | H39: 0 | I39: =-PMT($I$12/2,$I$11*2,I8) -> 43.606686 | J39: =+I39*2 -> 87.213373 | K39: =+J39 -> 87.213373 | L39: =+K39 -> 87.213373 | M39: =+L39 -> 87.213373 | N39: =+M39 -> 87.213373 | O39: =+N39 -> 87.213373 | P39: =+O39 -> 87.213373 | Q39: =+P39 -> 87.213373 | R39: =+Q39 -> 87.213373 | S39: =+R39/2 -> 43.606686 | T39: 0 | U39: 0 | V39: 0 | W39: 0 | X39: 0 | Y39: 0 | Z39: 0 | AA39: 0 | AB39: 0 | AC39: 0 | AD39: 0 | AE39: 0 | AF39: 0
B40: 2027 | C40: =J8 -> 11057.605 | D40: =NPV($G$15,H41:AF41)+F41+G41 -> 12853.396 | E40: =SUM(F41:AF41) -> 17547.682 | F40: 0 | G40: 0 | H40: 0 | I40: 0 | J40: =-PMT($J$12/2,$J$11*2,J8) -> 712.45027 | K40: =+J40*2 -> 1424.9005 | L40: =+K40 -> 1424.9005 | M40: =+L40 -> 1424.9005 | N40: =+M40 -> 1424.9005 | O40: =+N40 -> 1424.9005 | P40: =+O40 -> 1424.9005 | Q40: =+P40 -> 1424.9005 | R40: =+Q40 -> 1424.9005 | S40: =+R40 -> 1424.9005 | T40: =+S40/2 -> 712.45027 | U40: 0 | V40: 0 | W40: 0 | X40: 0 | Y40: 0 | Z40: 0 | AA40: 0 | AB40: 0 | AC40: 0 | AD40: 0 | AE40: 0 | AF40: 0
B41: 2028 | C41: =K8 -> 13507.14 | D41: =NPV($G$15,H42:AF42)+F42+G42 -> 4448.1612 | E41: =SUM(F42:AF42) -> 6290.1109 | F41: =0 -> 0 | G41: 0 | H41: 0 | I41: 0 | J41: 0 | K41: =-PMT($K$12/2,$K$11*2,K8) -> 877.3841 | L41: =+K41*2 -> 1754.7682 | M41: =+L41 -> 1754.7682 | N41: =+M41 -> 1754.7682 | O41: =+N41 -> 1754.7682 | P41: =+O41 -> 1754.7682 | Q41: =+P41 -> 1754.7682 | R41: =+Q41 -> 1754.7682 | S41: =+R41 -> 1754.7682 | T41: =+S41 -> 1754.7682 | U41: =+T41/2 -> 877.3841 | V41: 0 | W41: 0 | X41: 0 | Y41: 0 | Z41: 0 | AA41: 0 | AB41: 0 | AC41: 0 | AD41: 0 | AE41: 0 | AF41: 0
B42: 2029 | C42: =L8 -> 4815.5418 | D42: =NPV($G$15,H43:AF43)+F43+G43 -> 18345.838 | E42: =SUM(F43:AF43) -> 26871.459 | F42: 0 | G42: 0 | H42: 0 | I42: 0 | J42: 0 | K42: 0 | L42: =-PMT($L$12/2,$L$11*2,L8) -> 314.50554 | M42: =+L42*2 -> 629.01109 | N42: =+M42 -> 629.01109 | O42: =+N42 -> 629.01109 | P42: =+O42 -> 629.01109 | Q42: =+P42 -> 629.01109 | R42: =+Q42 -> 629.01109 | S42: =+R42 -> 629.01109 | T42: =+S42 -> 629.01109 | U42: =+T42 -> 629.01109 | V42: =+U42/2 -> 314.50554 | W42: 0 | X42: 0 | Y42: 0 | Z42: 0 | AA42: 0 | AB42: 0 | AC42: 0 | AD42: 0 | AE42: 0 | AF42: 0
B43: 2030 | C43: =M8 -> 20460.918 | D43: =NPV($G$15,H44:AF44)+F44+G44 -> 22737.969 | E43: =SUM(F44:AF44) -> 34496.995 | F43: 0 | G43: 0 | H43: 0 | I43: 0 | J43: 0 | K43: 0 | L43: 0 | M43: =-PMT($M$12/2,$M$11*2,M8) -> 1343.573 | N43: =+M43*2 -> 2687.1459 | O43: =+N43 -> 2687.1459 | P43: =+O43 -> 2687.1459 | Q43: =+P43 -> 2687.1459 | R43: =+Q43 -> 2687.1459 | S43: =+R43 -> 2687.1459 | T43: =+S43 -> 2687.1459 | U43: =+T43 -> 2687.1459 | V43: =+U43 -> 2687.1459 | W43: =+V43/2 -> 1343.573 | X43: 0 | Y43: 0 | Z43: 0 | AA43: 0 | AB43: 0 | AC43: 0 | AD43: 0 | AE43: 0 | AF43: 0
B44: 2031 | C44: =N8 -> 26184.986 | D44: =NPV($G$15,H45:AF45)+F45+G45 -> 36165.002 | E44: =SUM(F45:AF45) -> 56832.139 | F44: 0 | G44: 0 | H44: 0 | I44: 0 | J44: 0 | K44: 0 | L44: 0 | M44: 0 | N44: =-PMT($N$12/2,$N$11*2,N8) -> 1724.8497 | O44: =+N44*2 -> 3449.6995 | P44: =+O44 -> 3449.6995 | Q44: =+P44 -> 3449.6995 | R44: =+Q44 -> 3449.6995 | S44: =+R44 -> 3449.6995 | T44: =+S44 -> 3449.6995 | U44: =+T44 -> 3449.6995 | V44: =+U44 -> 3449.6995 | W44: =+V44 -> 3449.6995 | X44: =+W44/2 -> 1724.8497 | Y44: 0 | Z44: 0 | AA44: 0 | AB44: 0 | AC44: 0 | AD44: 0 | AE44: 0 | AF44: 0
B45: 2032 | C45: =O8 -> 43018.979 | D45: =NPV($G$15,H46:AF46)+F46+G46 -> 53075.036 | E45: =SUM(F46:AF46) -> 86391.638 | F45: 0 | G45: 0 | H45: 0 | I45: 0 | J45: 0 | K45: 0 | L45: 0 | M45: 0 | N45: 0 | O45: =-PMT($O$12/2,$O$11*2,O8) -> 2841.6069 | P45: =+O45*2 -> 5683.2139 | Q45: =+P45 -> 5683.2139 | R45: =+Q45 -> 5683.2139 | S45: =+R45 -> 5683.2139 | T45: =+S45 -> 5683.2139 | U45: =+T45 -> 5683.2139 | V45: =+U45 -> 5683.2139 | W45: =+V45 -> 5683.2139 | X45: =+W45 -> 5683.2139 | Y45: =+X45/2 -> 2841.6069 | Z45: 0 | AA45: 0 | AB45: 0 | AC45: 0 | AD45: 0 | AE45: 0 | AF45: 0
B46: 2033 | C46: =P8 -> 65230.026 | D46: =NPV($G$15,H47:AF47)+F47+G47 -> 52256.19 | E46: =SUM(F47:AF47) -> 88103.885 | F46: 0 | G46: 0 | H46: 0 | I46: 0 | J46: 0 | K46: 0 | L46: 0 | M46: 0 | N46: 0 | O46: 0 | P46: =-PMT($P$12/2,$P$11*2,P8) -> 4319.5819 | Q46: =+P46*2 -> 8639.1638 | R46: =+Q46 -> 8639.1638 | S46: =+R46 -> 8639.1638 | T46: =+S46 -> 8639.1638 | U46: =+T46 -> 8639.1638 | V46: =+U46 -> 8639.1638 | W46: =+V46 -> 8639.1638 | X46: =+W46 -> 8639.1638 | Y46: =+X46 -> 8639.1638 | Z46: =+Y46/2 -> 4319.5819 | AA46: 0 | AB46: 0 | AC46: 0 | AD46: 0 | AE46: 0 | AF46: 0
B47: 2034 | C47: =Q8 -> 66534.627 | D47: =NPV($G$15,H48:AF48)+F48+G48 -> 45652.906 | E47: =SUM(F48:AF48) -> 79726.306 | F47: 0 | G47: 0 | H47: 0 | I47: 0 | J47: 0 | K47: 0 | L47: 0 | M47: 0 | N47: 0 | O47: 0 | P47: 0 | Q47: =-PMT(Q12/2,Q11*2,Q8) -> 4405.1943 | R47: =+Q47*2 -> 8810.3885 | S47: =+R47 -> 8810.3885 | T47: =+S47 -> 8810.3885 | U47: =+T47 -> 8810.3885 | V47: =+U47 -> 8810.3885 | W47: =+V47 -> 8810.3885 | X47: =+W47 -> 8810.3885 | Y47: =+X47 -> 8810.3885 | Z47: =+Y47 -> 8810.3885 | AA47: =Z47/2 -> 4405.1943 | AB47: 0 | AC47: 0 | AD47: 0 | AE47: 0 | AF47: 0
B48: 2035 | C48: =R8 -> 60218.667 | D48: =NPV($G$15,H49:AF49)+F49+G49 -> 33711.425 | E48: =SUM(F49:AF49) -> 60979.835 | F48: 0 | G48: 0 | H48: 0 | I48: 0 | J48: 0 | K48: 0 | L48: 0 | M48: 0 | N48: 0 | O48: 0 | P48: 0 | Q48: 0 | R48: =-PMT(R12/2,R11*2,R8) -> 3986.3153 | S48: =+R48*2 -> 7972.6306 | T48: =+S48 -> 7972.6306 | U48: =+T48 -> 7972.6306 | V48: =+U48 -> 7972.6306 | W48: =+V48 -> 7972.6306 | X48: =+W48 -> 7972.6306 | Y48: =+X48 -> 7972.6306 | Z48: =+Y48 -> 7972.6306 | AA48: =+Z48 -> 7972.6306 | AB48: =AA48/2 -> 3986.3153 | AC48: 0 | AD48: 0 | AE48: 0 | AF48: 0
B49: 2036 | C49: =S8 -> 46067.281 | D49: =NPV($G$15,H50:AF50)+F50+G50 -> 0 | E49: =SUM(F50:AF50) -> 0 | F49: 0 | G49: 0 | H49: 0 | I49: 0 | J49: 0 | K49: 0 | L49: 0 | M49: 0 | N49: 0 | O49: 0 | P49: 0 | Q49: 0 | R49: 0 | S49: =-PMT(S12/2,S11*2,S8) -> 3048.9917 | T49: =+S49*2 -> 6097.9835 | U49: =+T49 -> 6097.9835 | V49: =+U49 -> 6097.9835 | W49: =+V49 -> 6097.9835 | X49: =+W49 -> 6097.9835 | Y49: =+X49 -> 6097.9835 | Z49: =+Y49 -> 6097.9835 | AA49: =+Z49 -> 6097.9835 | AB49: =+AA49 -> 6097.9835 | AC49: =AB49/2 -> 3048.9917 | AD49: 0 | AE49: 0 | AF49: 0
B50: 2037 | C50: =T8 -> 0 | D50: =NPV($G$15,H51:AF51)+F51+G51 -> 0 | E50: =SUM(F51:AF51) -> 0 | F50: 0 | G50: 0 | H50: 0 | I50: 0 | J50: 0 | K50: 0 | L50: 0 | M50: 0 | N50: 0 | O50: 0 | P50: 0 | Q50: 0 | R50: 0 | S50: 0 | T50: =-PMT(T12/2,T11*2,T8) -> 0 | U50: =+T50*2 -> 0 | V50: =+U50 -> 0 | W50: =+V50 -> 0 | X50: =+W50 -> 0 | Y50: =+X50 -> 0 | Z50: =+Y50 -> 0 | AA50: =+Z50 -> 0 | AB50: =+AA50 -> 0 | AC50: =+AB50 -> 0 | AD50: =AC50/2 -> 0 | AE50: 0 | AF50: 0
C52: =SUM(C37:C51) -> 358884.59 | D52: =SUM(D37:D51) -> 291667.87 | E52: =SUM(E37:E51) -> 473498.47 | F52: =SUM(F38:F51) -> 0 | G52: =SUM(G38:G51) -> 0 | H52: =SUM(H38:H51) -> 56.863937 | I52: =SUM(I38:I51) -> 157.33456 | J52: =SUM(J38:J51) -> 913.39152 | K52: =SUM(K38:K51) -> 2503.2259 | L52: =SUM(L38:L51) -> 3695.1155 | M52: =SUM(M38:M51) -> 5353.194 | ... AF52: =SUM(AF38:AF51) -> 0
B54: Pine Creek Stage 2A | C54: ='Tab 8 - WWTP Historic'!C16 -> 56370.666 | D54: =NPV($G$15,H54:AA54)+F54+G54 -> 87473.905 | E54: =SUM(F54:AA54) -> 93310.339 | F54: =SUM('Tab 8 - WWTP Historic'!E16:Z16) -> 55814.312 | G54: ='Tab 8 - WWTP Historic'!AA16 -> 3609.8487 | H54: ='Tab 8 - WWTP Historic'!AB16 -> 3609.8487 | I54: ='Tab 8 - WWTP Historic'!AC16 -> 3609.8488 | J54: ='Tab 8 - WWTP Historic'!AD16 -> 3375.2821 | K54: ='Tab 8 - WWTP Historic'!AE16 -> 3269.8314 | L54: ='Tab 8 - WWTP Historic'!AF16 -> 3269.8314 | M54: ='Tab 8 - WWTP Historic'!AG16 -> 3269.8314 | N54: ='Tab 8 - WWTP Historic'!AH16 -> 3269.8314 | ... Z54: ='Tab 8 - WWTP Historic'!AT16 -> 0 | AA54: ='Tab 8 - WWTP Historic'!AN16 -> 0 | AB54: ='Tab 8 - WWTP Historic'!AO16 -> 0 | AC54: ='Tab 8 - WWTP Historic'!AP16 -> 0 | AD54: ='Tab 8 - WWTP Historic'!AQ16 -> 0 | AE54: ='Tab 8 - WWTP Historic'!AR16 -> 0 | AF54: ='Tab 8 - WWTP Historic'!AS16 -> 0
B55: Total | C55: =+C52+C54 -> 415255.26 | D55: =+D52+D54 -> 379141.78 | E55: =+E52+E54 -> 566808.81 | F55: =+F52+F54 -> 55814.312 | G55: =+G52+G54 -> 3609.8487 | H55: =+H52+H54 -> 3666.7127 | I55: =+I52+I54 -> 3767.1834 | J55: =+J52+J54 -> 4288.6736 | ... AF55: =+AF52+AF54 -> 0
B58: PINE HISTORICAL (2000 - 2014) | C58: ='Tab 8 - WWTP Historic'!C17 -> 228191.74 | D58: =NPV($G$15,H58:AA58)+F58+G58 -> 354099.46 | E58: =SUM(F58:AA58) -> 377725.69 | F58: =SUM('Tab 8 - WWTP Historic'!E17:Z17) -> 225939.59 | G58: ='Tab 8 - WWTP Historic'!AA17 -> 14612.878 | H58: ='Tab 8 - WWTP Historic'!AB17 -> 14612.878 | I58: ='Tab 8 - WWTP Historic'!AC17 -> 14612.878 | J58: ='Tab 8 - WWTP Historic'!AD17 -> 13663.339 | K58: ='Tab 8 - WWTP Historic'!AE17 -> 13236.468 | L58: ='Tab 8 - WWTP Historic'!AF17 -> 13236.468 | M58: ='Tab 8 - WWTP Historic'!AG17 -> 13236.468 | N58: ='Tab 8 - WWTP Historic'!AH17 -> 13236.468 | ... AF58: ='Tab 8 - WWTP Historic'!AZ17 -> 0
B60: TOTAL COSTS OF FUTURE CAPACITY (2015+) | C60: =C31+C55 -> 1179052.4 | D60: =D31+D55 -> 1163826.4 | E60: =E31+E55 -> 1484297.8 | F60: =F31+F55 -> 199990.85 | G60: =G31+G55 -> 57253.08 | H60: =H31+H55 -> 64660.294 | I60: =I31+I55 -> 69990.104 | J60: =J31+J55 -> 76935.36 | ... AG60: =AG31+AG55 -> 0
B62: TOTAL | C62: =C58+C60 -> 1407244.2 | D62: =D58+D60 -> 1517925.9 | E62: =E58+E60 -> 1862023.5 | F62: =F58+F60 -> 425930.44 | G62: =G58+G60 -> 71865.958 | H62: =H58+H60 -> 79273.172 | I62: =I58+I60 -> 84602.982 | J62: =J58+J60 -> 90598.699 | ... AG62: =AG58+AG60 -> 0

Sheet Tab 8 - WWTP Historic
A1: HISTORIC DEBT FOR WASTEWATER TREATMENT PLANTS' CURRENT CAPACITY UPGRADES
A2: This tab provides a summary of the capital costs and future value of the debt servicing taken out on expenditures between 2000 - 2023. The historic projects can be found in the OSL Annual Report.
A3: TABLE 1: HISTORIC DEBT SERVICING FOR 2000-2014 EXPENDITURES (in thousands)
B4: Capacity to Support Calgary Growth | C4: Capital Costs | D4: Future Debt Servicing | E4: 2000 | F4: 2001 | G4: 2002 | H4: 2003 | I4: 2004 | J4: 2005 | K4: 2006 | L4: 2007 | M4: 2008 | N4: 2009 | O4: 2010 | P4: 2011 | Q4: 2012 | R4: 2013 | S4: 2014 | T4: 2015 | U4: 2016 | V4: 2017 | W4: 2018 | X4: 2019 | Y4: 2020 | Z4: 2021 | AA4: 2022 | AB4: 2023 | AC4: 2024 | AD4: 2025 | AE4: 2026 | AF4: 2027 | AG4: 2028 | AH4: 2029 | AI4: 2030 | AJ4: 2031 | AK4: 2032 | AL4: 2033 | AM4: 2034 | AN4: 2035 | AO4: 2036 | AP4: 2037 | AQ4: 2038
A6: Pine Creek Debt Taken | C6: =SUM(D6:AQ6) -> 386415 | I6: 12000 | J6: 40000 | K6: 60000 | L6: 130000 | M6: 72000 | N6: 72415
A7: Pine Creek Debt Interest | I7: 0.0518 | J7: 4.36%-4.65% | K7: 4.78%-5.01% | L7: 4.89%-4.95% | M7: 4.68%-4.78% | N7: 4.75%-4.98%
A8: Pine Creek Debt Term (years) | I8: 20 | J8: 20/25 | K8: 25 | L8: 25 | M8: 25 | N8: 25
A9: Pine Creek Debt Servicing | C9: =C6 -> 386415 | D9: =SUM(E9:AQ9) -> 663989.41 | E9: 0 | F9: 0 | G9: 0 | H9: 0 | I9: 0 | J9: 1762.5956 | K9: 5084.3729 | L9: 9271.9444 | M9: 17987.684 | N9: 22623.588 | O9: 27125.352 | P9: 27125.352 | Q9: 27125.352 | R9: 27125.352 | S9: 27125.352 | T9: 27125.352 | U9: 27125.352 | V9: 27125.352 | W9: 27125.352 | X9: 27125.352 | Y9: 27125.352 | Z9: 27125.352 | AA9: 27125.352 | AB9: 27125.352 | AC9: 27125.353 | AD9: 25362.757 | AE9: 24570.373 | AF9: 24570.373 | AG9: 24570.373 | AH9: 24570.373 | AI9: 24570.373 | AJ9: 22040.98 | AK9: 17853.407 | AL9: 9137.6682 | AM9: 3132.2645
A10: Pine Creek Cash Funding | C10: 37169 | E10: 0 | F10: 2800 | G10: 0 | H10: 1183 | I10: 2850 | J10: 3141 | K10: 14146 | L10: 13049
A11: Total Pine Creek Funding | C11: =SUM(C9:C10) -> 423584 | D11: =D9 -> 663989.41 | E11: =SUM(E9:E10) -> 0 | F11: =SUM(F9:F10) -> 2800 | G11: =SUM(G9:G10) -> 0 | H11: =SUM(H9:H10) -> 1183 | I11: =SUM(I9:I10) -> 2850 | J11: =SUM(J9:J10) -> 4903.5956 | K11: =SUM(K9:K10) -> 19230.373 | L11: =SUM(L9:L10) -> 22320.944 | ... AQ11: =SUM(AQ9:AQ10) -> 0
A13: Pine Creek Applicable to Future Stages (2b, 3a, 3b,3c,3d) | B13: =SUM('Tab 11 - WWTP Pine Creek Costs '!H56:L56)/'Tab 11 - WWTP Pine Creek Costs '!C56 -> 0.30742591 | C13: =$C$11*B13 -> 130220.7 | D13: =SUM(E13:AQ13) -> 215554.26 | E13: =E11*$B$13 -> 0 | F13: =F11*$B$13 -> 860.79254 | G13: =G11*$B$13 -> 0 | H13: =H11*$B$13 -> 363.68485 | I13: =I11*$B$13 -> 876.16384 | J13: =J11*$B$13 -> 1507.4923 | K13: =K11*$B$13 -> 5911.9148 | L13: =L11*$B$13 -> 6862.0366 | ... AQ13: =AQ11*$B$13 -> 0
A14: Pine Creek Applicable to Stage 2A | B14: ='Tab 11 - WWTP Pine Creek Costs '!E56/'Tab 11 - WWTP Pine Creek Costs '!C56 -> 0.13719614 | C14: =$C$11*B14 -> 58114.089 | D14: =SUM(E14:AQ14) -> 96196.225 | E14: =E11*$B$14 -> 0 | F14: =F11*$B$14 -> 384.14918 | G14: =G11*$B$14 -> 0 | H14: =H11*$B$14 -> 162.30303 | I14: =I11*$B$14 -> 391.00899 | J14: =J11*$B$14 -> 672.75438 | K14: =K11*$B$14 -> 2638.3329 | L14: =L11*$B$14 -> 3062.3474 | ... AQ14: =AQ11*$B$14 -> 0
A16: Pine Creek Applicable to Stage 2A (Inside City) | B16: 0.97 | C16: =C14*B16 -> 56370.666 | D16: =SUM(E16:AQ16) -> 93310.339 | E16: =E14*$B$16 -> 0 | F16: =F14*$B$16 -> 372.62471 | G16: =G14*$B$16 -> 0 | H16: =H14*$B$16 -> 157.43394 | I16: =I14*$B$16 -> 379.27872 | J16: =J14*$B$16 -> 652.57175 | K16: =K14*$B$16 -> 2559.1829 | L16: =L14*$B$16 -> 2970.4769 | ... AQ16: =AQ14*$B$16 -> 0
A17: Pine Creek Historical Inside City | B17: 0.97 | C17: =(C11-C13-C14)*B17 -> 228191.74 | D17: =SUM(E17:AQ17) -> 377725.69 | E17: =(E11-E13-E14)*$B$17 -> 0 | F17: =(F11-F13-F14)*$B$17 -> 1508.4065 | G17: =(G11-G13-G14)*$B$17 -> 0 | H17: =(H11-H13-H14)*$B$17 -> 637.30176 | I17: =(I11-I13-I14)*$B$17 -> 1535.3424 | J17: =(J11-J13-J14)*$B$17 -> 2641.6484 | K17: =(K11-K13-K14)*$B$17 -> 10359.721 | L17: =(L11-L13-L14)*$B$17 -> 12024.664 | ... AQ17: =(AQ11-AQ13-AQ14)*$B$17 -> 0
A20: TABLE 2: HISTORIC DEBT SERVICING FOR 2015-2023 EXPENDITURES (in thousands)
B21: Capacity to Support Calgary Growth | C21: Capital Costs | D21: Future Debt Servicing | E21: 2000 | F21: 2001 | G21: 2002 | H21: 2003 | I21: 2004 | J21: 2005 | K21: 2006 | L21: 2007 | M21: 2008 | N21: 2009 | O21: 2010 | P21: 2011 | Q21: 2012 | R21: 2013 | S21: 2014 | T21: 2015 | U21: 2016 | V21: 2017 | W21: 2018 | X21: 2019 | Y21: 2020 | Z21: 2021 | AA21: 2022 | AB21: 2023 | AC21: 2024 | AD21: 2025 | AE21: 2026 | AF21: 2027 | AG21: 2028 | AH21: 2029 | AI21: 2030 | AJ21: 2031 | AK21: 2032 | AL21: 2033 | AM21: 2034 | AN21: 2035 | AO21: 2036 | AP21: 2037 | AQ21: 2038 | AR21: 2039 | AS21: 2040
A22: Bonnybrook Debt Taken | C22: =SUM(T22:AS22) -> 541456.99 | T22: 53889 | U22: 59585.087 | V22: 56492 | W22: 67045 | X22: 101880 | Y22: 93715 | Z22: 51660 | AA22: 24600 | AB22: =SUM('Tab 9 - WWTP Capital'!AE26:AL27)-SUM('Tab 8 - WWTP Historic'!U22:AA22)-3008 -> 32590.908
A23: Bonnybrook Debt Interest | T23: 2.97%-3.04% | U23: 1.78%-2.3% | V23: 2%-2.67% | W23: 2.83%-3.01% | X23: 1%-1.28% | Y23: 1.29%-1.73% | Z23: 1.67%-2.85% | AA23: 3.07%-4.7% | AB23: 4.9%-5.127%
A24: Bonnybrook Debt Term (years) | T24: 25 | U24: 10 | V24: 10 | W24: 10 | X24: 10 | Y24: 10 | Z24: 10 | AA24: 10
A25: Bonnybrook Debt Principal | D25: =SUM(T25:AS25) -> 541457 | T25: 94.80944 | U25: 1474.1872 | V25: 7638.2374 | W25: 12937.496 | X25: 20364.18 | Y25: 30247.553 | Z25: 38873.45 | AA25: 43641.9 | AB25: 46639.901 | AC25: 48279.4 | AD25: 49809.471 | AE25: 52155.123 | AF25: 45873.873 | AG25: 40440.843 | AH25: 32060.707 | AI25: 21289.843 | AJ25: 12668.667 | AK25: 8234.1763 | AL25: 5471.106 | AM25: 4820.9543 | AN25: 4397.5805 | AO25: 2680.3837 | AP25: 2761.7211 | AQ25: 2845.5271 | AR25: 2931.8767 | AS25: 2824.0329
A26: Bonnybrook Debt Interest | D26: =SUM(T26:AS26) -> 89644.507 | T26: 263.32459 | U26: 1727.1497 | V26: 3182.2043 | W26: 4436.7659 | X26: 6581.8272 | Y26: 7949.834 | Z26: 8405.5192 | AA26: 8452.1438 | AB26: 8479.4202 | AC26: 7548.218 | AD26: 6632.661 | AE26: 6139.822 | AF26: 4887.0216 | AG26: 3780.1045 | AH26: 2833.5335 | AI26: 2145.461 | AJ26: 1634.5257 | AK26: 1230.8642 | AL26: 931.82452 | AM26: 731.83841 | AN26: 535.76538 | AO26: 395.06966 | AP26: 313.49095 | AQ26: 229.43632 | AR26: 142.83065 | AS26: 53.85113
A28: Bonnybrook Debt Servicing | D28: =SUM(D25:D26) -> 631101.51 | T28: =SUM(T25:T26) -> 358.13403 | U28: =SUM(U25:U26) -> 3201.3369 | V28: =SUM(V25:V26) -> 10820.442 | W28: =SUM(W25:W26) -> 17374.262 | X28: =SUM(X25:X26) -> 26946.007 | Y28: =SUM(Y25:Y26) -> 38197.387 | Z28: =SUM(Z25:Z26) -> 47278.969 | AA28: =SUM(AA25:AA26) -> 52094.044 | ... AS28: =SUM(AS25:AS26) -> 2877.884
A31: TOTAL HISTORIC DEBT SERVICING OF CURRENT CAPACITY | C31: =C17+C22 -> 769648.73 | D31: =D17+D28 -> 1008827.2 | E31: =E17+E28 -> 0 | F31: =F17+F28 -> 1508.4065 | G31: =G17+G28 -> 0 | H31: =H17+H28 -> 637.30176 | I31: =I17+I28 -> 1535.3424 | J31: =J17+J28 -> 2641.6484 | K31: =K17+K28 -> 10359.721 | ... AS31: =AS17+AS28 -> 2877.884

Sheet Tab 9 - WWTP Capital
A1: CAPITAL COST DETAILS OF CURRENT & FUTURE PROJECTS
A2: This tab provide details on the individual wastewater treatment projects and its cash flow actuals (2016-2022) and projections (2023+). The project list goes back to 2016 so the project list for the 2016 OSL Bylaw update can be referenced.
A3: TABLE 1: GROWTH RELATED CAPITAL COSTS ( In thousand $)
A4: Project Name | B4: Plant | C4: Start or Estimated / Actual Completion Date | D4: Indicated Y/N if the project was identified in the 2016 Off-site Levy Bylaw | E4: CAPITAL COSTS | AA4: GROWTH BENEFIT | AE4: Greenfield & Redevelopment Proportion of Costs
E5: 2016 | F5: =+E5+1 -> 2017 | G5: =+F5+1 -> 2018 | H5: =+G5+1 -> 2019 | I5: =+H5+1 -> 2020 | J5: =+I5+1 -> 2021 | K5: =+J5+1 -> 2022 | L5: =+K5+1 -> 2023 | M5: =+L5+1 -> 2024 | ... Y5: =+X5+1 -> 2036 | Z5: Total | AA5: Growth | AB5: % Greenfield | AC5: %Redevelopment | AD5: %Regional | AE5: 2016 | AF5: =+AE5+1 -> 2017 | AG5: =+AF5+1 -> 2018 | AH5: =+AG5+1 -> 2019 | AI5: =+AH5+1 -> 2020 | AJ5: =+AI5+1 -> 2021 | AK5: =+AJ5+1 -> 2022 | AL5: =+AK5+1 -> 2023 | AM5: =+AL5+1 -> 2024 | ... AY5: =+AX5+1 -> 2036 | AZ5: Total
A6: 13.2&5kv System Expansion | B6: BB | C6: Completed | D6: Y | E6: 4877.8823 | F6: 18823.129 | G6: 16616.566 | H6: 766.28972 | I6: 12.67121 | J6: 12.839884 | K6: 0 | L6: 0 | M6: 0 | N6: 0 | O6: 0 | P6: 0 | Q6: 0 | R6: 0 | S6: 0 | T6: 0 | Z6: =SUM(E6:Y6) -> 41109.378 | AA6: 1 | AB6: 0.443 | AC6: 0.323 | AD6: 0.235 | AE6: =+E6*($AB6+$AC6) -> 3736.4578 | AF6: =+F6*($AB6+$AC6) -> 14418.517 | AG6: =+G6*($AB6+$AC6) -> 12728.29 | AH6: =+H6*($AB6+$AC6) -> 586.97792 | AI6: =+I6*($AB6+$AC6) -> 9.706147 | AJ6: =+J6*($AB6+$AC6) -> 9.8353513 | AK6: =+K6*($AB6+$AC6) -> 0 | AL6: =+L6*($AB6+$AC6) -> 0 | ... AY6: =+Y6*($AB6+$AC6) -> 0 | AZ6: =SUM(AE6:AY6) -> 31489.784
A7: Power Management System | B7: BB | C7: Completed | D7: Y | E7: 167.26351 | F7: 68.787818 | G7: 1044.7642 | H7: 1563.7327 | I7: 707.03373 | J7: 282.87081 | K7: 327.33834 | L7: 446.98117 | M7: 0 | N7: 0 | O7: 0 | P7: 0 | Q7: 0 | R7: 0 | S7: 0 | T7: 0 | Z7: =SUM(E7:Y7) -> 4608.7723 | AA7: 1 | AB7: 0.443 | AC7: 0.323 | AD7: 0.235 | AE7: =+E7*($AB7+$AC7) -> 128.12385 | AF7: =+F7*($AB7+$AC7) -> 52.691469 | AG7: =+G7*($AB7+$AC7) -> 800.2894 | AH7: =+H7*($AB7+$AC7) -> 1197.8193 | AI7: =+I7*($AB7+$AC7) -> 541.58784 | AJ7: =+J7*($AB7+$AC7) -> 216.67904 | AK7: =+K7*($AB7+$AC7) -> 250.74117 | AL7: =+L7*($AB7+$AC7) -> 342.38758 | ... AY7: =+Y7*($AB7+$AC7) -> 0 | AZ7: =SUM(AE7:AY7) -> 3530.3196
A8: Power Distribution Upgrades | B8: BB | C8: Scope merged with another project | D8: Y | E8: 0 | F8: 0 | G8: 0 | H8: 0 | J8: 0 | K8: 0 | L8: 0 | M8: 0 | N8: 0 | O8: 0 | P8: 0 | Q8: 0 | R8: 0 | S8: 0 | T8: 0 | Z8: =SUM(E8:Y8) -> 0 | AA8: 0.5 | AB8: 0.2215 | AC8: 0.1615 | AD8: 0.1175 | AE8: =+E8*($AB8+$AC8) -> 0 | AF8: =+F8*($AB8+$AC8) -> 0 | AG8: =+G8*($AB8+$AC8) -> 0 | AH8: =+H8*($AB8+$AC8) -> 0 | AI8: =+I8*($AB8+$AC8) -> 0 | AJ8: =+J8*($AB8+$AC8) -> 0 | AK8: =+K8*($AB8+$AC8) -> 0 | AL8: =+L8*($AB8+$AC8) -> 0 | ... AY8: =+Y8*($AB8+$AC8) -> 0 | AZ8: =SUM(AE8:AY8) -> 0
A9: 600V System Upgrades | B9: BB | C9: Completed | D9: Y | E9: 250.34051 | F9: 774.55662 | G9: 1453.1236 | H9: 7413.3592 | I9: 4217.1983 | J9: 972.41621 | K9: 277.89539 | L9: 22.786234 | M9: 0 | N9: 0 | O9: 0 | P9: 0 | Q9: 0 | R9: 0 | S9: 0 | T9: 0 | Z9: =SUM(E9:Y9) -> 15381.676 | AA9: 0.5 | AB9: 0.2215 | AC9: 0.1615 | AD9: 0.1175 | AE9: =+E9*($AB9+$AC9) -> 95.880415 | AF9: =+F9*($AB9+$AC9) -> 296.65518 | AG9: =+G9*($AB9+$AC9) -> 556.54635 | AH9: =+H9*($AB9+$AC9) -> 2839.3166 | AI9: =+I9*($AB9+$AC9) -> 1615.1869 | AJ9: =+J9*($AB9+$AC9) -> 372.43541 | AK9: =+K9*($AB9+$AC9) -> 106.43393 | AL9: =+L9*($AB9+$AC9) -> 8.7271275 | ... AY9: =+Y9*($AB9+$AC9) -> 0 | AZ9: =SUM(AE9:AY9) -> 5891.1819
A10: BB Dewatering Building | B10: BB | C10: Completed | D10: Y | E10: 45023.272 | F10: 36406.055 | G10: 1975.3765 | H10: 939.0548 | I10: 133.03731 | J10: -0.1670885 | K10: 0.95113796 | L10: 0 | M10: 0 | N10: 0 | O10: 0 | P10: 0 | Q10: 0 | R10: 0 | S10: 0 | T10: 0 | Z10: =SUM(E10:Y10) -> 84477.58 | AA10: 0.5 | AB10: 0.2215 | AC10: 0.1615 | AD10: 0.1175 | AE10: =+E10*($AB10+$AC10) -> 17243.913 | AF10: =+F10*($AB10+$AC10) -> 13943.519 | AG10: =+G10*($AB10+$AC10) -> 756.56918 | AH10: =+H10*($AB10+$AC10) -> 359.65799 | AI10: =+I10*($AB10+$AC10) -> 50.953288 | AJ10: =+J10*($AB10+$AC10) -> -0.063994895 | AK10: =+K10*($AB10+$AC10) -> 0.36428584 | AL10: =+L10*($AB10+$AC10) -> 0 | ... AY10: =+Y10*($AB10+$AC10) -> 0 | AZ10: =SUM(AE10:AY10) -> 32354.913
A11: BB Centrate / Supernatant Treatment | B11: BB | C11: 2025-2028 | D11: Y | E11: 0 | F11: 0 | G11: 0 | H11: 0 | I11: 0 | J11: 0 | K11: 0 | L11: 0 | M11: 0 | N11: 1523.157 | O11: 6214.4815 | P11: 15846.927 | Q11: 8081.9326 | R11: 0 | S11: 0 | T11: 0 | Z11: =SUM(E11:Y11) -> 31666.498 | AA11: 0.8 | AB11: 0.3544 | AC11: 0.2584 | AD11: 0.188 | AE11: =+E11*($AB11+$AC11) -> 0 | AF11: =+F11*($AB11+$AC11) -> 0 | AG11: =+G11*($AB11+$AC11) -> 0 | AH11: =+H11*($AB11+$AC11) -> 0 | AI11: =+I11*($AB11+$AC11) -> 0 | AJ11: =+J11*($AB11+$AC11) -> 0 | AK11: =+K11*($AB11+$AC11) -> 0 | AL11: =+L11*($AB11+$AC11) -> 0 | ... AY11: =+Y11*($AB11+$AC11) -> 0 | AZ11: =SUM(AE11:AY11) -> 19405.23
A12: BB Plant D Expansion | B12: BB | C12: 2015-2030 | D12: Y | E12: 23754.745 | F12: 27839.076 | G12: 87353.143 | H12: 116775.74 | I12: 107629.88 | J12: 49726.611 | K12: 30127.591 | L12: 29969.508 | M12: 31457.683 | N12: 54616.64 | O12: 28798.64 | P12: 68754.4 | Q12: 69951.44 | R12: 7514 | S12: 136.24 | T12: 0 | Z12: =SUM(E12:Y12) -> 734405.34 | AA12: 1 | AB12: 0.443 | AC12: 0.323 | AD12: 0.235 | AE12: =+E12*($AB12+$AC12) -> 18196.135 | AF12: =+F12*($AB12+$AC12) -> 21324.732 | AG12: =+G12*($AB12+$AC12) -> 66912.508 | AH12: =+H12*($AB12+$AC12) -> 89450.216 | AI12: =+I12*($AB12+$AC12) -> 82444.492 | AJ12: =+J12*($AB12+$AC12) -> 38090.584 | AK12: =+K12*($AB12+$AC12) -> 23077.735 | AL12: =+L12*($AB12+$AC12) -> 22956.643 | ... AY12: =+Y12*($AB12+$AC12) -> 0 | AZ12: =SUM(AE12:AY12) -> 562554.49
A13: FC WWTP Capacity Assessment | B13: Pine/Fish | C13: Completed | D13: Y | E13: 156.76026 | F13: 92.604535 | G13: 49.15122 | H13: 0.5171849 | I13: 0 | J13: 0 | K13: 0 | L13: 0 | M13: 0 | N13: 0 | O13: 0 | P13: 0 | Q13: 0 | R13: 0 | S13: 0 | T13: 0 | Z13: =SUM(E13:Y13) -> 299.0332 | AA13: 1 | AB13: 0.315 | AC13: 0.443 | AD13: 0.242 | AE13: =+E13*($AB13+$AC13) -> 118.82427 | AF13: =+F13*($AB13+$AC13) -> 70.194238 | AG13: =+G13*($AB13+$AC13) -> 37.256625 | AH13: =+H13*($AB13+$AC13) -> 0.39202616 | AI13: =+I13*($AB13+$AC13) -> 0 | AJ13: =+J13*($AB13+$AC13) -> 0 | AK13: =+K13*($AB13+$AC13) -> 0 | AL13: =+L13*($AB13+$AC13) -> 0 | ... AY13: =+Y13*($AB13+$AC13) -> 0 | AZ13: =SUM(AE13:AY13) -> 226.66716
A14: BB Struvite Recovery | B14: BB | C14: 2024-2027 | D14: Y | E14: 0 | F14: 0 | G14: 0 | H14: 0 | I14: 0 | J14: 0 | K14: 0 | L14: 0 | M14: 574.1216 | N14: 4392.0334 | O14: 8959.7487 | P14: 4569.4719 | Q14: 0 | R14: 0 | S14: 0 | T14: 0 | Z14: =SUM(E14:Y14) -> 18495.376 | AA14: 0.2 | AB14: 0.0886 | AC14: 0.0646 | AD14: 0.047 | AE14: =+E14*($AB14+$AC14) -> 0 | AF14: =+F14*($AB14+$AC14) -> 0 | AG14: =+G14*($AB14+$AC14) -> 0 | AH14: =+H14*($AB14+$AC14) -> 0 | AI14: =+I14*($AB14+$AC14) -> 0 | AJ14: =+J14*($AB14+$AC14) -> 0 | AK14: =+K14*($AB14+$AC14) -> 0 | AL14: =+L14*($AB14+$AC14) -> 0 | ... AY14: =+Y14*($AB14+$AC14) -> 0 | AZ14: =SUM(AE14:AY14) -> 2833.4915
A15: Pine Creek WWTP Stage 2 Expansion | B15: Pine | C15: 2025-2036 | D15: Y | E15: 0 | F15: 0 | G15: 0 | H15: 0 | I15: 0 | J15: 0 | K15: 0 | L15: 0 | M15: 0 | N15: 880.37248 | O15: 897.97968 | P15: 14587.87 | Q15: 17819.446 | R15: 6352.9575 | S15: 26993.296 | T15: 34544.837 | U15: 56753.27 | V15: 86055.444 | W15: 87776.553 | X15: 79444.152 | Y15: 60774.776 | Z15: =SUM(E15:Y15) -> 472880.95 | AA15: 1 | AB15: 0.315 | AC15: 0.443 | AD15: 0.242 | AE15: =+E15*($AB15+$AC15) -> 0 | AF15: =+F15*($AB15+$AC15) -> 0 | AG15: =+G15*($AB15+$AC15) -> 0 | AH15: =+H15*($AB15+$AC15) -> 0 | AI15: =+I15*($AB15+$AC15) -> 0 | AJ15: =+J15*($AB15+$AC15) -> 0 | AK15: =+K15*($AB15+$AC15) -> 0 | AL15: =+L15*($AB15+$AC15) -> 0 | ... AY15: =+Y15*($AB15+$AC15) -> 46067.281 | AZ15: =SUM(AE15:AY15) -> 358443.76
A16: South Catchment Capacity Upgrade (remove costs of study) | B16: Pine | C16: 2024-2025 | D16: Y | E16: 0 | F16: 0 | G16: 0 | H16: 0 | I16: 0 | J16: 0 | K16: 0 | L16: 0 | M16: 287.90632 | N16: 293.6648 | O16: 0 | P16: 0 | Q16: 0 | R16: 0 | S16: 0 | T16: 0 | Z16: =SUM(E16:Y16) -> 581.57112 | AA16: 1 | AB16: 0.315 | AC16: 0.443 | AD16: 0.242 | AE16: =+E16*($AB16+$AC16) -> 0 | AF16: =+F16*($AB16+$AC16) -> 0 | AG16: =+G16*($AB16+$AC16) -> 0 | AH16: =+H16*($AB16+$AC16) -> 0 | AI16: =+I16*($AB16+$AC16) -> 0 | AJ16: =+J16*($AB16+$AC16) -> 0 | AK16: =+K16*($AB16+$AC16) -> 0 | AL16: =+L16*($AB16+$AC16) -> 0 | ... AY16: =+Y16*($AB16+$AC16) -> 0 | AZ16: =SUM(AE16:AY16) -> 440.83091
A17: WS - BB Blower Upgrades | B17: BB | C17: Completed | D17: Y | E17: 9064.9619 | F17: 2469.2014 | G17: 241.28841 | H17: 298.22543 | I17: 29.673167 | J17: 0 | K17: 0 | L17: 0 | M17: 0 | N17: 0 | O17: 0 | P17: 0 | Q17: 0 | R17: 0 | S17: 0 | T17: 0 | Z17: =SUM(E17:Y17) -> 12103.35 | AA17: 1 | AB17: 0.443 | AC17: 0.323 | AD17: 0.235 | AE17: =+E17*($AB17+$AC17) -> 6943.7608 | AF17: =+F17*($AB17+$AC17) -> 1891.4083 | AG17: =+G17*($AB17+$AC17) -> 184.82692 | AH17: =+H17*($AB17+$AC17) -> 228.44068 | AI17: =+I17*($AB17+$AC17) -> 22.729646 | AJ17: =+J17*($AB17+$AC17) -> 0 | AK17: =+K17*($AB17+$AC17) -> 0 | AL17: =+L17*($AB17+$AC17) -> 0 | ... AY17: =+Y17*($AB17+$AC17) -> 0 | AZ17: =SUM(AE17:AY17) -> 9271.1664
A18: Bonnybrook Capacity Upgrades | B18: BB | C18: Completed | D18: Y | E18: 30370.133 | F18: 12747.052 | G18: 8739.4721 | H18: 2829.36 | I18: 4065.4664 | J18: 463.81552 | K18: 0 | L18: 0 | M18: 0 | N18: 0 | O18: 0 | P18: 0 | Q18: 0 | R18: 0 | S18: 0 | T18: 0 | Z18: =SUM(E18:Y18) -> 59215.299 | AA18: 1 | AB18: 0.443 | AC18: 0.323 | AD18: 0.235 | AE18: =+E18*($AB18+$AC18) -> 23263.522 | AF18: =+F18*($AB18+$AC18) -> 9764.2415 | AG18: =+G18*($AB18+$AC18) -> 6694.4356 | AH18: =+H18*($AB18+$AC18) -> 2167.2897 | AI18: =+I18*($AB18+$AC18) -> 3114.1473 | AJ18: =+J18*($AB18+$AC18) -> 355.28269 | AK18: =+K18*($AB18+$AC18) -> 0 | AL18: =+L18*($AB18+$AC18) -> 0 | ... AY18: =+Y18*($AB18+$AC18) -> 0 | AZ18: =SUM(AE18:AY18) -> 45358.919
A19: TOTAL | E19: =SUM(E6:E18) -> 113665.36 | F19: =SUM(F6:F18) -> 99220.462 | G19: =SUM(G6:G18) -> 117472.89 | H19: =SUM(H6:H18) -> 130586.28 | I19: =SUM(I6:I18) -> 116794.96 | J19: =SUM(J6:J18) -> 51458.387 | K19: =SUM(K6:K18) -> 30733.776 | L19: =SUM(L6:L18) -> 30439.276 | ... Z19: =SUM(Z6:Z18) -> 1475224.8 | AE19: =SUM(AE6:AE18) -> 69726.617 | AF19: =SUM(AF6:AF18) -> 61761.959 | AG19: =SUM(AG6:AG18) -> 88670.722 | AH19: =SUM(AH6:AH18) -> 96830.11 | AI19: =SUM(AI6:AI18) -> 87798.803 | AJ19: =SUM(AJ6:AJ18) -> 39044.753 | AK19: =SUM(AK6:AK18) -> 23435.274 | AL19: =SUM(AL6:AL18) -> 23307.758 | ... AZ19: =SUM(AZ6:AZ18) -> 1071800.8
A23: TABLE 2: GROWTH RELATED CAPITAL COSTS BY PLANT (In thousand $) | AE23: TABLE 3: GROWTH RELATED CAPITAL COSTS BY PLANT - GREENFIELD & REDEVELOPMENT PROPORTION OF COSTS ( In thousand $)
A24: Summary of Capital Costs | E24: 2016 | F24: =+E24+1 -> 2017 | G24: =+F24+1 -> 2018 | H24: =+G24+1 -> 2019 | I24: =+H24+1 -> 2020 | J24: =+I24+1 -> 2021 | K24: =+J24+1 -> 2022 | L24: =+K24+1 -> 2023 | M24: =+L24+1 -> 2024 | ... Y24: =+X24+1 -> 2036 | Z24: Totals | AE24: 2016 | AF24: =+AE24+1 -> 2017 | AG24: =+AF24+1 -> 2018 | AH24: =+AG24+1 -> 2019 | AI24: =+AH24+1 -> 2020 | AJ24: =+AI24+1 -> 2021 | AK24: =+AJ24+1 -> 2022 | AL24: =+AK24+1 -> 2023 | AM24: =+AL24+1 -> 2024 | ... AY24: =+AX24+1 -> 2036 | AZ24: Totals
A25: Base Capacity | Z25: =SUBTOTAL(9,E25:M25) -> 0 | AZ25: =SUBTOTAL(9,AE25:AM25) -> 0
A26: Bonnybrook | E26: =SUMIF($B$6:$B$18,"BB",E6:E18) -> 113508.6 | F26: =SUMIF($B$6:$B$18,"BB",F6:F18) -> 99127.858 | G26: =SUMIF($B$6:$B$18,"BB",G6:G18) -> 117423.73 | H26: =SUMIF($B$6:$B$18,"BB",H6:H18) -> 130585.76 | I26: =SUMIF($B$6:$B$18,"BB",I6:I18) -> 116794.96 | J26: =SUMIF($B$6:$B$18,"BB",J6:J18) -> 51458.387 | K26: =SUMIF($B$6:$B$18,"BB",K6:K18) -> 30733.776 | L26: =SUMIF($B$6:$B$18,"BB",L6:L18) -> 30439.276 | ... Y26: =SUMIF($B$6:$B$18,"BB",Y6:Y18) -> 0 | Z26: =SUBTOTAL(9,E26:Y26) -> 1001463.3 | AE26: =SUMIF($B$6:$B$18,"BB",AE6:AE18) -> 69607.793 | AF26: =SUMIF($B$6:$B$18,"BB",AF6:AF18) -> 61691.765 | AG26: =SUMIF($B$6:$B$18,"BB",AG6:AG18) -> 88633.465 | AH26: =SUMIF($B$6:$B$18,"BB",AH6:AH18) -> 96829.718 | AI26: =SUMIF($B$6:$B$18,"BB",AI6:AI18) -> 87798.803 | AJ26: =SUMIF($B$6:$B$18,"BB",AJ6:AJ18) -> 39044.753 | AK26: =SUMIF($B$6:$B$18,"BB",AK6:AK18) -> 23435.274 | AL26: =SUMIF($B$6:$B$18,"BB",AL6:AL18) -> 23307.758 | ... AY26: =SUMIF($B$6:$B$18,"BB",AY6:AY18) -> 0 | AZ26: =SUBTOTAL(9,AE26:AY26) -> 712689.5
A27: Pine Creek & Fish | E27: =SUMIF($B$6:$B$18,"Pine",E6:E18)+SUMIF($B$6:$B$18,"Pine/Fish",E6:E18) -> 156.76026 | F27: =SUMIF($B$6:$B$18,"Pine",F6:F18)+SUMIF($B$6:$B$18,"Pine/Fish",F6:F18) -> 92.604535 | G27: =SUMIF($B$6:$B$18,"Pine",G6:G18)+SUMIF($B$6:$B$18,"Pine/Fish",G6:G18) -> 49.15122 | H27: =SUMIF($B$6:$B$18,"Pine",H6:H18)+SUMIF($B$6:$B$18,"Pine/Fish",H6:H18) -> 0.5171849 | I27: =SUMIF($B$6:$B$18,"Pine",I6:I18)+SUMIF($B$6:$B$18,"Pine/Fish",I6:I18) -> 0 | J27: =SUMIF($B$6:$B$18,"Pine",J6:J18)+SUMIF($B$6:$B$18,"Pine/Fish",J6:J18) -> 0 | K27: =SUMIF($B$6:$B$18,"Pine",K6:K18)+SUMIF($B$6:$B$18,"Pine/Fish",K6:K18) -> 0 | L27: =SUMIF($B$6:$B$18,"Pine",L6:L18)+SUMIF($B$6:$B$18,"Pine/Fish",L6:L18) -> 0 | ... Y27: =SUMIF($B$6:$B$18,"Pine",Y6:Y18)+SUMIF($B$6:$B$18,"Pine/Fish",Y6:Y18) -> 60774.776 | Z27: =SUBTOTAL(9,E27:Y27) -> 473761.56 | AE27: =SUMIF($B$6:$B$18,"Pine",AE6:AE18)+SUMIF($B$6:$B$18,"Pine/Fish",AE6:AE18) -> 118.82427 | AF27: =SUMIF($B$6:$B$18,"Pine",AF6:AF18)+SUMIF($B$6:$B$18,"Pine/Fish",AF6:AF18) -> 70.194238 | AG27: =SUMIF($B$6:$B$18,"Pine",AG6:AG18)+SUMIF($B$6:$B$18,"Pine/Fish",AG6:AG18) -> 37.256625 | AH27: =SUMIF($B$6:$B$18,"Pine",AH6:AH18)+SUMIF($B$6:$B$18,"Pine/Fish",AH6:AH18) -> 0.39202616 | AI27: =SUMIF($B$6:$B$18,"Pine",AI6:AI18)+SUMIF($B$6:$B$18,"Pine/Fish",AI6:AI18) -> 0 | AJ27: =SUMIF($B$6:$B$18,"Pine",AJ6:AJ18)+SUMIF($B$6:$B$18,"Pine/Fish",AJ6:AJ18) -> 0 | AK27: =SUMIF($B$6:$B$18,"Pine",AK6:AK18)+SUMIF($B$6:$B$18,"Pine/Fish",AK6:AK18) -> 0 | AL27: =SUMIF($B$6:$B$18,"Pine",AL6:AL18)+SUMIF($B$6:$B$18,"Pine/Fish",AL6:AL18) -> 0 | ... AY27: =SUMIF($B$6:$B$18,"Pine",AY6:AY18)+SUMIF($B$6:$B$18,"Pine/Fish",AY6:AY18) -> 46067.281 | AZ27: =SUBTOTAL(9,AE27:AY27) -> 359111.26
Z28: =+Z25+Z26+Z27 -> 1475224.8 | AZ28: =+AZ25+AZ26+AZ27 -> 1071800.8

Sheet Tab 10 - WWTP Capacity
A1: WASTEWATER TREATMENT CAPACITY - COMBINED SERVICE AREA (Bonnybrook, Fish Creek and Pine Creek WWTPs)
A2: This tab provides details on the population and wastewater treatment capacity by year, and the expected capacities of each expansion/upgrade project.
A3: TABLE 1: POPULATION PROJECTIONS AND WASTEWATER TREATMENT CAPACITY AVAILABLE FOR CALGARY
A4: Year | B4: 2022 Population Forecast Scenario ("2022 MDP Update (Jan 2022)" + Dec 2020 Regional) | E4: Capacity of Combined Treatment Plant Systems (EP) | F4: PCWWTP | G4: BBWWTP Upgrade and Plant D
B5: City Equivalent Population (Jan 2022) | C5: Regional Equvalent Population (Dec 2020 Data) | D5: Total Service Area Equivalent Population | F5: PCWWTP Capacity (EP) | G5: BBWWTP Capacity Upgrade (EP)
A6: 2005 | B6: 956078 | C6: 51844 | D6: =SUM(B6:C6) -> 1007922 | E6: 1122000
A7: 2006 | B7: 991759 | C7: 56068 | D7: =SUM(B7:C7) -> 1047827 | E7: 1122000
A8: 2007 | B8: 1019942 | C8: 61036.5 | D8: =SUM(B8:C8) -> 1080978.5 | E8: 1122000
A9: 2008 | B9: 1042892 | C9: 65560 | D9: =SUM(B9:C9) -> 1108452 | E9: 1372000 | F9: 250000
A10: 2009 | B10: 1065455 | C10: 71198 | D10: =SUM(B10:C10) -> 1136653 | E10: 1372000
A11: 2010 | B11: 1071515 | C11: 74708 | D11: =SUM(B11:C11) -> 1146223 | E11: 1372000
A12: 2011 | B12: 1090936 | C12: 81891.079 | D12: =SUM(B12:C12) -> 1172827.1 | E12: 1372000
A13: 2012 | B13: 1120225 | C13: 86011.079 | D13: =SUM(B13:C13) -> 1206236.1 | E13: 1372000
A14: 2013 | B14: 1149552 | C14: 91276.079 | D14: =SUM(B14:C14) -> 1240828.1 | E14: 1372000
A15: 2014 | B15: 1197264 | C15: 100414.08 | D15: =SUM(B15:C15) -> 1297678.1 | E15: 1372000
A16: 2015 | B16: 1230641 | C16: 109879.14 | D16: =SUM(B16:C16) -> 1340520.1 | E16: 1372000
A17: 2016 | B17: 1235167.6 | C17: 114030.57 | D17: =SUM(B17:C17) -> 1349198.2 | E17: 1419750 | G17: 47750
A18: 2017 | B18: 1246330 | C18: 119156.57 | D18: =SUM(B18:C18) -> 1365486.6 | E18: 1435500 | G18: 15750
A19: 2018 | B19: 1267831.2 | C19: 124618.57 | D19: =SUM(B19:C19) -> 1392449.8 | E19: 1476250 | F19: 25000 | G19: 15750
A20: 2019 | B20: 1285711 | C20: 130079.71 | D20: =SUM(B20:C20) -> 1415790.7 | E20: 1492000 | G20: 15750
A21: 2020 | B21: 1296247.5 | C21: 133574.71 | D21: =SUM(B21:C21) -> 1429822.2 | E21: 1492000
A22: 2021 | B22: 1306784 | C22: 137075.71 | D22: =SUM(B22:C22) -> 1443859.7 | E22: 1708700 | G22: 216700
A23: 2023 | B23: 1371481.8 | C23: 148908.91 | D23: =SUM(B23:C23) -> 1520390.7 | E23: 1708700
A24: 2028 | B24: 1480920 | C24: 179022.66 | D24: =SUM(B24:C24) -> 1659942.7 | E24: 1921000 | F24: 104000 | G24: 108300
A25: 2033 | B25: 1567584.8 | C25: 205415.08 | D25: =SUM(B25:C25) -> 1772999.9 | E25: 1971000 | F25: 50000
A26: 2038 | B26: 1648465.8 | C26: 232371.2 | D26: =SUM(B26:C26) -> 1880837 | E26: 2433500 | F26: 162500 | G26: 300000
A30: TABLE 2: CURRENT AND FUTURE WASTEWATER TREATMENT CAPACITY AVAILABLE FOR CALGARY
A31: Capacity | B31: System Wide Capacity by Population (EP) (B) | C31: Capacity to support Calgary Growth (C) | D31: Capacity to support Calgary Growth (B*C) | E31: Capacity to support Growth (GF+EST) at the end of 2023
A32: Base Capacity ( 2004-2014) | B32: ='Tab 10 - WWTP Capacity'!F9 -> 250000 | C32: 0.97 | D32: =+B32*C32 -> 242500 | E32: 0
A33: Future Capacity (2015+)
A34: Bonnybrook | B34: ='Tab 10 - WWTP Capacity'!G17+'Tab 10 - WWTP Capacity'!G18+'Tab 10 - WWTP Capacity'!G19+'Tab 10 - WWTP Capacity'!G20+'Tab 10 - WWTP Capacity'!G22+'Tab 10 - WWTP Capacity'!G24 -> 420000 | C34: 0.766 | D34: =+B34*C34 -> 321720 | E34: =('Tab 10 - WWTP Capacity'!E23-'Tab 10 - WWTP Capacity'!D23+'Tab 10 - WWTP Capacity'!G24-'Tab 10 - WWTP Capacity'!F19)*'Tab 10 - WWTP Capacity'!C34 -> 208052.72
A35: Pine Creek & Fish Creek | B35: ='Tab 10 - WWTP Capacity'!F25+'Tab 10 - WWTP Capacity'!F26 -> 212500 | C35: 0.758 | D35: =+B35*C35 -> 161075 | E35: =+D35 -> 161075
A36: Total Future Capacity | B36: =SUM(B32:B35) -> 882500 | D36: =+D34+D35 -> 482795 | E36: =+E34+E35 -> 369127.72
A38: Total Capacity | E38: =+E32+E36 -> 369127.72

Sheet Tab 11 - WWTP Pine Creek Costs 
A1: PINE CREEK WWTP - Distribution of 2008 Construction Costs Across All Stages
A2: Pine Creek WWTP was completed in 2008. From the beginning, Pine Creek WWTP was designed with expansion in mind. The plant's footprint in its current form is referred to as Stage 1. The expansion that will begin in the 2023-2026 business cycle is referred to as Stage 2A. Some process equipment was designed for expansion capability, where it was economical and logical to do so. This tab shows the allocation of costs across all stages for major process equipment. This information was provided by the engineering design and delivery team. All costs are in 2008 dollars. As shown in Tab 7, the original costs allotted to Stage 2A as a percentage of overall program cost (which was not included in previous OSL calculations) will be added in as a part of the Stage 2A expansion. Allotted costs for Stages 2B and beyond will be added back into OSL calculations when those expansions are triggered in the future.
A5: TABLE 1: PINE CREEK WWTP STAGE 1 TOTAL COST BY PROCESS AREA (In M$) | E5: TABLE 2: DISTRIBUTION OF STAGE 1 TOTAL COSTS ACROSS ALL STAGES
A7: Process Area | C7: Stage 1 Total Costs | E7: Additional cost: Stage 1 costs allotted to Stage 2A | F7: Stage 1 | G7: Stage 2A | H7: Stage 2B | I7: Stage 3A | J7: Stage 3B | K7: Stage 3C | L7: Stage 3D | M7: Total Stage 1 to Stage 3D
A9: Site Development | C9: 20 | E9: =G9 -> 2.8571429 | F9: =$C$9/7 -> 2.8571429 | G9: =$C$9/7 -> 2.8571429 | H9: =$C$9/7 -> 2.8571429 | I9: =$C$9/7 -> 2.8571429 | J9: =$C$9/7 -> 2.8571429 | K9: =$C$9/7 -> 2.8571429 | L9: =$C$9/7 -> 2.8571429 | M9: =SUM(F9:L9) -> 20
A11: Headworks | C11: =SUM(C12:C15) -> 42 | E11: =SUM(E12:E15) -> 11.166667
B12: Influent Pumps | C12: 15 | E12: =G12 -> 5 | F12: =$C$12/3 -> 5 | G12: =$C$12/3 -> 5 | H12: =$C$12/3 -> 5 | M12: =SUM(F12:L12) -> 15
B13: Screening | C13: 7.5 | E13: =G13 -> 0 | F13: =+C13 -> 7.5 | M13: =SUM(F13:L13) -> 7.5
B14: Grit Removal | C14: 12.5 | E14: =G14 -> 4.1666667 | F14: =$C$14/3 -> 4.1666667 | G14: =$C$14/3 -> 4.1666667 | H14: =$C$14/3 -> 4.1666667 | M14: =SUM(F14:L14) -> 12.5
B15: Truck Loadout | C15: 7 | E15: =G15 -> 2 | F15: =3 -> 3 | G15: =(C15-F15)/2 -> 2 | H15: =(C15-F15)/2 -> 2 | M15: =SUM(F15:L15) -> 7
A17: Primary Treatment | C17: =SUM(C18:C19) -> 36
B18: Primary Clarifiers | C18: 18 | E18: 0 | F18: =+C18 -> 18 | M18: =SUM(F18:L18) -> 18
B19: Odour Control | C19: 18 | E19: 0 | F19: =+C19 -> 18 | M19: =SUM(F19:L19) -> 18
A22: Secondary Treatment | C22: =SUM(C23:C25) -> 77 | E22: =SUM(E23:E25) -> 3.5
B23: Bioreactors | C23: 36 | E23: 0 | F23: =+C23 -> 36 | M23: =SUM(F23:L23) -> 36
B24: Secondary Clarifiers | C24: 25 | E24: 0 | F24: =+C24 -> 25 | M24: =SUM(F24:L24) -> 25
B25: Blower Building | C25: 16 | E25: =G25 -> 3.5 | F25: 9 | G25: =(C25-F25)/2 -> 3.5 | H25: =(C25-F25)/2 -> 3.5 | M25: =SUM(F25:L25) -> 16
A28: Tertiary Treatment & Outfall | C28: =SUM(C29:C31) -> 38 | E28: =SUM(E29:E31) -> 4.8571429
B29: Filtration | C29: 20 | E29: =G29 -> 0 | F29: =+C29 -> 20 | M29: =SUM(F29:L29) -> 20
B30: UV Disinfection | C30: 12 | E30: =G30 -> 4 | F30: =$C$30/3 -> 4 | G30: =$C$30/3 -> 4 | H30: =$C$30/3 -> 4 | M30: =SUM(F30:L30) -> 12
B31: Outfall | C31: 6 | E31: =G31 -> 0.85714286 | F31: =$C$31/7 -> 0.85714286 | G31: =$C$31/7 -> 0.85714286 | H31: =$C$31/7 -> 0.85714286 | I31: =$C$31/7 -> 0.85714286 | J31: =$C$31/7 -> 0.85714286 | K31: =$C$31/7 -> 0.85714286 | L31: =$C$31/7 -> 0.85714286 | M31: =SUM(F31:L31) -> 6
A34: Solids Processing | C34: =SUM(C35:C38) -> 85 | E34: =SUM(E35:E38) -> 12.928571
B35: WAS Thickening | C35: 18 | E35: =G35 -> 5.5 | F35: 7 | G35: =(C35-F35)/2 -> 5.5 | H35: =(C35-F35)/2 -> 5.5 | M35: =SUM(F35:L35) -> 18
B36: Fermenters | C36: 15 | E36: =G36 -> 0 | F36: =+C36 -> 15 | M36: =SUM(F36:L36) -> 15
B37: Digesters | C37: 35 | E37: =G37 -> 5 | F37: =$C$37/7 -> 5 | G37: =$C$37/7 -> 5 | H37: =$C$37/7 -> 5 | I37: =$C$37/7 -> 5 | J37: =$C$37/7 -> 5 | K37: =$C$37/7 -> 5 | L37: =$C$37/7 -> 5 | M37: =SUM(F37:L37) -> 35
B38: DSST & Pumping | C38: 17 | E38: =G38 -> 2.4285714 | F38: =$C$38/7 -> 2.4285714 | G38: =$C$38/7 -> 2.4285714 | H38: =$C$38/7 -> 2.4285714 | I38: =$C$38/7 -> 2.4285714 | J38: =$C$38/7 -> 2.4285714 | K38: =$C$38/7 -> 2.4285714 | L38: =$C$38/7 -> 2.4285714 | M38: =SUM(F38:L38) -> 17
A41: Digester Gas Handling | C41: =SUM(C42:C44) -> 41 | E41: =SUM(E42:E44) -> 11.095238
B42: Gas Handling | C42: 11 | E42: =G42 -> 3 | F42: 5 | G42: =(C42-F42)/2 -> 3 | H42: =(C42-F42)/2 -> 3 | M42: =SUM(F42:L42) -> 11
B43: PGH | C43: 20 | E43: =G43 -> 6.6666667 | F43: =$C$43/3 -> 6.6666667 | G43: =$C$43/3 -> 6.6666667 | H43: =$C$43/3 -> 6.6666667 | M43: =SUM(F43:L43) -> 20
B44: Cogeneration | C44: 10 | E44: =G44 -> 1.4285714 | F44: =$C$44/7 -> 1.4285714 | G44: =$C$44/7 -> 1.4285714 | H44: =$C$44/7 -> 1.4285714 | I44: =$C$44/7 -> 1.4285714 | J44: =$C$44/7 -> 1.4285714 | K44: =$C$44/7 -> 1.4285714 | L44: =$C$44/7 -> 1.4285714 | M44: =SUM(F44:L44) -> 10
A47: Other | C47: =SUM(C48:C50) -> 18.5 | E47: =SUM(E48:E50) -> 2.6428571
B48: OMA Building | C48: 11 | E48: =G48 -> 1.5714286 | F48: =$C$48/7 -> 1.5714286 | G48: =$C$48/7 -> 1.5714286 | H48: =$C$48/7 -> 1.5714286 | I48: =$C$48/7 -> 1.5714286 | J48: =$C$48/7 -> 1.5714286 | K48: =$C$48/7 -> 1.5714286 | L48: =$C$48/7 -> 1.5714286 | M48: =SUM(F48:L48) -> 11
B49: Computer System | C49: 7.5 | E49: =G49 -> 1.0714286 | F49: =$C$49/7 -> 1.0714286 | G49: =$C$49/7 -> 1.0714286 | H49: =$C$49/7 -> 1.0714286 | I49: =$C$49/7 -> 1.0714286 | J49: =$C$49/7 -> 1.0714286 | K49: =$C$49/7 -> 1.0714286 | L49: =$C$49/7 -> 1.0714286 | M49: =SUM(F49:L49) -> 7.5
B50: Lab & Office Bldg. | C50: - | E50: =G50 -> 0 | M50: =SUM(F50:L50) -> 0
A53: Subtotal - Construction | C53: =+C9+C11+C17+C22+C28+C34+C41+C47 -> 357.5 | E53: =+E9+E11+E22+E28+E34+E41+E47 -> 49.047619 | F53: =SUM(F8:F51) -> 198.54762 | G53: =SUM(G8:G51) -> 49.047619 | H53: =SUM(H8:H51) -> 49.047619 | I53: =SUM(I8:I51) -> 15.214286 | J53: =SUM(J8:J51) -> 15.214286 | K53: =SUM(K8:K51) -> 15.214286 | L53: =SUM(L8:L51) -> 15.214286 | M53: =SUM(F53:L53) -> 357.5
A56: Total | C56: =SUM(C53:C53) -> 357.5 | E56: =SUM(E53:E53) -> 49.047619 | F56: =SUM(F53:F53) -> 198.54762 | G56: =SUM(G53:G53) -> 49.047619 | H56: =SUM(H53:H53) -> 49.047619 | I56: =SUM(I53:I53) -> 15.214286 | J56: =SUM(J53:J53) -> 15.214286 | K56: =SUM(K53:K53) -> 15.214286 | L56: =SUM(L53:L53) -> 15.214286 | M56: =SUM(M53:M53) -> 357.5
